 Dungeon Crawl Stone Soup version 0.30.0-29-ga12c61a403 (webtiles) character file.

Game seed: 8123716120911295173

249794 qw the Peltast (level 20, 0/132 HPs)
             Began as a Gargoyle Fighter on June 4, 2023.
             Was a High Priest of Okawaru.
             Slain by a dire elephant (12 damage)
             ... on level 1 of the Vaults.
             The game lasted 00:22:49 (37143 turns).

qw the Peltast (Gargoyle Fighter)                  Turns: 37143, Time: 00:22:50

Health: 0/132      AC: 64    Str: 27    XL:     20   Next: 5%
Magic:  22/27      EV: 18    Int:  9    God:    Okawaru [*****.]
Gold:   535        SH: 29    Dex: 14    Spells: 19/19 levels left

rFire   . . .        h - +6 broad axe (protect)
rCold   . . .        L - +1 tower shield {AC+3}
rNeg    + . .        q - +0 plate armour of the Constellations {Will+ Dex+2 SInv Stlth-}
rPois   inf          p - +2 helmet
rElec   +            E - +2 cloak of Understanding {Dex+3}
rCorr   .            s - +2 pair of gloves
SInv    +            m - +2 pair of boots
Will    ++...        k - amulet of reflection Stlth
                     I - +5 ring of evasion
HPRegen 0.42/turn    x - +4 ring of protection
MPRegen 0.20/turn

%: reflection
@: about to teleport, heroic, finesse-ful, under a protective aura, flying
A: sickness immunity, AC +15, big wings, negative energy resistance 1,
electricity resistance, torment resistance 1, petrification resistance, talons
1, deterioration 1, dopey 1, subdued magic 1
}: 1/15 runes: serpentine
a: Renounce Religion, Heroism, Finesse, Duel


You were on level 1 of the Vaults.
You worshipped Okawaru.
Okawaru was extremely pleased with you.
You visited 7 branches of the dungeon, and saw 32 of its levels.
You visited the Abyss 2 times.
You visited 1 bazaar.

You collected 3547 gold pieces.
You spent 3012 gold pieces at shops.


Innate Abilities, Weirdness & Mutations

You are immune to sickness and miasma.
Your stone body is resilient. (AC +15)
You are immune to poison.
Your large and strong wings let you fly.
You resist negative energy. (rN+)
You are resistant to electric shocks. (rElec)
You are resistant to unholy torment.
You are immune to petrification.
You have sharp toenails.
Your body sometimes deteriorates upon taking damage.
You are dopey. (Int -2)
Your spells are a little easier to cast, but a little less powerful.


   Skills:
 + Level 16.4(21.4) Fighting
 - Level 18.0(23.0) Axes
 - Level 9.0(14.0) Throwing
 - Level 16.0(21.0) Armour
 - Level 6.0(11.0) Dodging
 - Level 19.0(24.0) Shields
 - Level 10.0 Invocations


You had 19 spell levels left.
You didn't know any spells.
Your spell library was empty.

Inventory:

Hand Weapons
 h - a +6 broad axe of protection (weapon)
Missiles
 j - 18 boomerangs
 n - 4 silver boomerangs
 H - 10 javelins (quivered)
 K - 3 boomerangs of dispersal
Armour
 m - a +2 pair of boots (worn)
 p - a +2 helmet (worn)
 q - the +0 plate armour of the Constellations (worn) {Will+ Dex+2 SInv Stlth-}
   (You found it on level 15 of the Dungeon)

   Dex:       It affects your dexterity (+2).
   SInv:      It lets you see invisible.
   Will:      It increases your willpower.
   Stlth:     It makes you less stealthy.
 s - a +2 pair of gloves (worn)
 u - a scarf of resistance
 y - a +1 plate armour of fire resistance
 E - the +2 cloak of Understanding (worn) {Dex+3}
   (You found it on level 15 of the Dungeon)

   Dex:       It affects your dexterity (+3).
 G - the +8 chain mail of Modesty {rPois MP+9}
   (You bought it in a shop on level 12 of the Dungeon)

   rPois:     It protects you from poison.
   MP:        It affects your magic capacity (+9).
 L - a +1 tower shield of protection (worn)
Jewellery
 k - an amulet of reflection (around neck)
 v - a ring of resist corrosion
 x - a +4 ring of protection (right hand)
 A - a ring of ice
 C - a ring of resist corrosion
 D - the amulet "Qysych" {Harm rN+ Regen+ rCorr Int+2}
   (You found it on level 5 of the Lair of Beasts)

   [amulet of regeneration]

   Int:       It affects your intelligence (+2).
   rN:        It protects you from negative energy.
   Regen:     It increases your rate of health regeneration.
   rCorr:     It protects you from acid and corrosion.
   Harm:      It increases damage dealt and taken.
 F - a ring of fire
 I - a +5 ring of evasion (left hand)
 J - the ring "Jilibb Ylotz" {Fly rF+}
   (You bought it in a shop on level 2 of the Orcish Mines)

   [ring of flight]

   rF:        It protects you from fire.
   Fly:       It grants you flight.
Wands
 r - a wand of digging (12)
Scrolls
 b - 3 scrolls of teleportation
 l - 21 scrolls of identify
Potions
 a - 3 potions of resistance
 d - 15 potions of might
 e - 17 potions of curing
 g - 14 potions of attraction
 i - 4 potions of mutation
 t - 12 potions of lignification
 w - 3 potions of magic
 z - 3 potions of haste
 B - 6 potions of cancellation

Dungeon Overview and Level Annotations

Branches:
Dungeon (15/15)            Temple (1/1) D:4            Lair (5/5) D:11
  Swamp (3/4) Lair:2        Snake (4/4) Lair:3        Slime (0/5) Lair:5
    Orc (2/2) D:9             Elf (0/3) Orc:2        Vaults (2/5) D:13
 Depths (0/4) D:15
  Crypt: Vaults:2-3

Altars:
Ashenzari
Cheibriados
Dithmenos
Elyvilon
Fedhas
Gozag
Hepliaklqana
Kikubaaqudgha
Makhleb
Nemelex Xobeh
Okawaru
Qazlal
Ru
Sif Muna
Trog
Uskayaw
Vehumet
Wu Jian
Xom
Yredelemnul
Zin
The Shining One
Jiyva
Lugonu

Shops:
D:7 *   D:8 !   D:12 *   D:14 (   Orc:2 !!(=   Snake:4 =!   Vaults:2 (

Annotations:
D:2 1 runed translucent door, Crazy Yiuf
D:5 2 transporters, qw's ghost, novice GrFi
D:12 1 runed translucent door, Bananafolds's ghost, journeyman DrAE
Lair:4 2 runed translucent doors, qw's ghost, journeyman GrFi
Swamp:2 1 runed translucent door
Swamp:3 2 transporters, qw's ghost, adept GrFi
Snake:1 1 runed translucent door, qw's ghost, adept GrFi
Snake:3 3 runed translucent doors, TuffENuff's ghost, adept FoFi
Vaults:1 3 runed translucent doors, TuffENuff's ghost, veteran FoFi


Message History

Enter note: ch_force_autopickup failed: [string "/dgldir/rcfiles/crawl-bot-0.30/qwlua.rc"]:1585: attempt to index local 'plan' (a nil value) x2
Enter note: ch_force_autopickup failed: [string "/dgldir/rcfiles/crawl-bot-0.30/qwlua.rc"]:1585: attempt to index local 'plan' (a nil value) x2
Enter note: ch_force_autopickup failed: [string "/dgldir/rcfiles/crawl-bot-0.30/qwlua.rc"]:1585: attempt to index local 'plan' (a nil value) x2
Enter note: ch_force_autopickup failed: [string "/dgldir/rcfiles/crawl-bot-0.30/qwlua.rc"]:1585: attempt to index local 'plan' (a nil value) x2
Enter note: ch_force_autopickup failed: [string "/dgldir/rcfiles/crawl-bot-0.30/qwlua.rc"]:1585: attempt to index local 'plan' (a nil value) x2
Enter note: ch_force_autopickup failed: [string "/dgldir/rcfiles/crawl-bot-0.30/qwlua.rc"]:1585: attempt to index local 'plan' (a nil value) x2
Enter note: ch_force_autopickup failed: [string "/dgldir/rcfiles/crawl-bot-0.30/qwlua.rc"]:1585: attempt to index local 'plan' (a nil value) x2
Enter note: ch_force_autopickup failed: [string "/dgldir/rcfiles/crawl-bot-0.30/qwlua.rc"]:1585: attempt to index local 'plan' (a nil value) x2
Enter note: ch_force_autopickup failed: [string "/dgldir/rcfiles/crawl-bot-0.30/qwlua.rc"]:1585: attempt to index local 'plan' (a nil value) x2
Enter note: ch_force_autopickup failed: [string "/dgldir/rcfiles/crawl-bot-0.30/qwlua.rc"]:1585: attempt to index local 'plan' (a nil value) x2
Enter note: ch_force_autopickup failed: [string "/dgldir/rcfiles/crawl-bot-0.30/qwlua.rc"]:1585: attempt to index local 'plan' (a nil value) x2
37137 ||| PLANNING VAULTS:1-4 You are too injured to fight recklessly!
37138 ||| READING 4 scrolls of teleportation.
As you read the scroll of teleportation, it crumbles to dust.
You feel strangely unstable.
You slash the dire elephant!
The dire elephant is lightly wounded.
You slice the dire elephant!!
The dire elephant is moderately wounded.
The dire elephant tramples you.
You are shoved backwards!
You slice the dire elephant!!
The dire elephant is heavily wounded.
You slash the dire elephant!
The dire elephant is heavily wounded.
You slash the dire elephant!
The dire elephant is severely wounded.
The dire elephant tramples you!
You die...

#..###..##..##..##
#..'.....[........
#..#####''########
#..# #......# #..#
#......# #..#
#......# #..#
#......# #..#
#Y.....# #..#
#@.....# #..#
######'##### #..#
#.......# #..#
#.......#######
#.)#
#.......#......
#..#
#.......)......
#..#
#.......#......
#..#
#.......#..>...
#..#
#########......


You could see a dire elephant.

Vanquished Creatures
  Vashnia (Snake:3)
  A bone dragon (Abyss:2)
  Jorgrun (Swamp:1)
  3 tentacled starspawn (Abyss:2)
  2 thorn hunters (Swamp:2)
  Frances (D:13)
  Agnes (Snake:3)
  Gastronok (Lair:1)
  3 fenstrider witches (Swamp:2)
  4 nagarajas (Snake:4)
  2 vault wardens
  A cacodemon (Abyss:2)
  2 orc warlords
  A war gargoyle (Vaults:2)
  9 ironbound preservers
  4 ironbound thunderhulks
  6 eleionomae
  4 bunyips
  A dire elephant (Vaults:1)
  A starcursed mass (Abyss:2)
  An eidolon (Vaults:1)
  A great orb of eyes (Vaults:1)
  An entropy weaver (Vaults:1)
  5 yaktaur captains
  A spriggan zombie (Abyss:2)
  A peacekeeper (Vaults:2)
  An ice dragon (Snake:4)
  9 salamander tyrants
  A vault guard (Vaults:1)
  9 hydras
  An ogre mage (D:15)
  Erolcha (Orc:2)
  A ghost crab (Swamp:3)
  A merfolk avatar (Lair:5)
  16 anacondas
  An ironbound frostheart (Vaults:2)
  Erica (D:8)
  5 two-headed ogres
  7 centaur warriors
  A boulder beetle (Vaults:1)
  A tengu warrior (D:13)
  2 alligators
  2 thrashing horrors (Abyss:2)
  Urug (Lair:1)
  19 naga warriors
  A vampire mage (Vaults:2)
  3 spriggans
  A hell knight (Vaults:1)
  13 naga sharpshooters
  A sun demon (Abyss:2)
  6 shock serpents
  5 wretched stars (Abyss:2)
  6 skeletal warriors
  3 skysharks (Lair:5)
  3 sixfirhies (Abyss:2)
  5 salamander mystics
  6 goliath frogs
  A swamp dragon (Swamp:1)
  2 spriggan druids (Swamp:3)
  Lodul (D:10)
  27 deep trolls
  2 flayed ghosts (Vaults:1)
  3 ironbound convokers
  4 bog bodies
  3 orc knights
  7 wizards
  8 naga ritualists
  3 necromancers
  2 deep elf pyromancers
  16 ugly things
  5 large abominations (Abyss:2)
  A deep elf zephyrmancer (D:15)
  5 lindwurms
  11 orc sorcerers
  2 phantasmal warriors (Vaults:2)
  7 mana vipers
  2 will-o-the-wisps
  2 oklob plants
  6 cyclopes
  6 manticores
  A worldbinder (Abyss:2)
  21 elephants
  An ice statue (Snake:4)
  6 vault sentinels
  27 salamanders
  28 black mambas
  21 naga magi
  16 guardian serpents
  8 cane toads
  2 centaur skeletons (D:15)
  2 gargoyles
  Maggie (Lair:2)
  5 rime drakes
  Psyche (D:10)
  3 unseen horrors
  9 yaktaurs
  2 efreet
  10 komodo dragons
  A freezing wraith (Vaults:2)
  A tengu conjurer (D:10)
  3 meliai (D:14)
  3 ancient zymes (Abyss:2)
  A wind drake (Lair:5)
  A bloated husk (Swamp:1)
  A hornet (shapeshifter) (D:15)
  8 trolls
  3 polar bears
  A harpy skeleton (Abyss:2)
  A tarantella (shapeshifter) (D:14)
  4 hornets
  11 tyrant leeches
  3 raiju (Abyss:2)
  A dream sheep (shapeshifter) (D:15)
  28 blink frogs
  A snapping turtle (Lair:5)
  Sigmund (D:6)
  35 slime creatures
  7 wyverns
  2 shadows
  3 centaur simulacra (D:15)
  7 flying skulls (Abyss:2)
  2 ynoxinuls (Abyss:2)
  27 yaks
  A spriggan (shapeshifter) (D:10)
  A wraith (D:10)
  A vampire (D:14)
  Eustachio (D:5)
  3 neqoxecs (Abyss:2)
  4 steam dragons
  10 vampire mosquitoes
  3 basilisks
  2 chaos spawn (Abyss:2)
  33 nagas
  9 wargs
  Edmund (D:6)
  12 swamp worms
  4 acid dragons
  4 small abominations (Abyss:2)
  12 water moccasins
  6 ice beasts
  17 orc warriors
  2 sky beasts (D:7)
  A swamp drake (Swamp:2)
  A black bear (Lair:2)
  18 ogres
  11 wolves
  11 centaurs
  3 kobold brigands
  A phantom (D:7)
  11 bullfrogs
  A gnoll sergeant (D:7)
  A scorpion (D:5)
  8 wights
  17 killer bees
  3 howler monkeys
  4 electric eels
  12 jellies
  11 orc priests
  2 gnoll boudas (D:5)
  2 hounds (D:5)
  2 quasits (Abyss:2)
  An iron imp (Abyss:2)
  Jessica (D:2)
  3 iguanas
  A sleepcap (D:8)
  33 orc wizards
  A boggart skeleton (D:15)
  Robin (D:2)
  13 adders
  16 gnolls
  3 shadow imps
  4 white imps
  3 ufetubi
  A worm (D:4)
  A dart slug (D:1)
  65 orcs
  5 ball pythons
  17 endoplasms
  4 giant cockroaches
  6 hobgoblins
  A jackal (D:8)
  3 quokkas
  5 bats
  4 frilled lizards
  27 goblins
  25 kobolds
  2 rats
  A lurking horror (Abyss:2)
  4 starspawn tentacles (Abyss:2)
1135 creatures vanquished.

Vanquished Creatures (others)
  Aizul (Snake:4)
  A deep troll (Vaults:1)
  A salamander (Snake:3)
  A naga (Snake:1)
  An orc wizard (Orc:2)
  10 foxfires (Swamp:1)
  5 starspawn tentacles (Abyss:2)
20 creatures vanquished.

Grand Total: 1155 creatures vanquished

Notes
Turn   | Place    | Note
-------+----------+-------------------------------------------
     0 | D:1      | qw the Gargoyle Fighter began the quest for the Orb.
     0 | D:1      | Reached XP level 1. HP: 14/14 MP: 1/1
     0 | D:1      | 0 ||| qw: Version: 0.2-a-107-g4668610
     0 | D:1      | 0 ||| qw: Game counter: 1314
     0 | D:1      | 0 ||| qw: Always use a shield: true
     0 | D:1      | 0 ||| qw: God list: Okawaru
     0 | D:1      | 0 ||| qw: Allow faded altars: false
     0 | D:1      | 0 ||| qw: Do Orc after D:15 true
     0 | D:1      | 0 ||| qw: Do second Lair branch before Depths: true
     0 | D:1      | 0 ||| qw: Lair rune preference: random
     0 | D:1      | 0 ||| qw: Plans: Normal, Zot:1-4, Slime:5, God:TSO, Crypt,
                  | Tomb, Abyss, Pan, Hells, Win
     0 | D:1      | 0 ||| PLANNING D:1-11
   135 | D:1      | 135 ||| Stepping ~*~*~tactically~*~*~ (stealth).
   179 | D:1      | Reached XP level 2. HP: 12/19 MP: 2/2
   353 | D:1      | 353 ||| Stepping ~*~*~tactically~*~*~ (hiding).
   733 | D:1      | 733 ||| DROPPING scarf of shadows.
   734 | D:1      | 734 ||| UPGRADING to amulet of reflection.
   739 | D:1      | 739 ||| READING scroll labelled POBRUOC KAIPTY.
   740 | D:1      | 740 ||| READING 3 scrolls labelled CATTIN LEUPEH.
   741 | D:1      | 741 ||| READING 2 scrolls of brand weapon.
   741 | D:1      | 741 ||| BRANDING +0 war axe of draining.
   742 | D:1      | 742 ||| READING scroll of brand weapon.
   742 | D:1      | 742 ||| BRANDING +0 war axe of venom.
   743 | D:1      | 743 ||| READING scroll labelled WEPHOHYATWOH.
   798 | D:2      | Noticed Robin
   801 | D:2      | Reached skill level 3 in Axes
   802 | D:2      | Reached XP level 3. HP: 23/23 MP: 3/3
   819 | D:2      | HP: 3/23 [Robin/+0 trident (5)]
   821 | D:2      | Killed Robin
  1036 | D:2      | Reached XP level 4. HP: 28/28 MP: 4/4
  1476 | D:2      | Found a runed translucent door.
  1477 | D:2      | Noticed Crazy Yiuf
  1597 | D:2      | Noticed Jessica
  1604 | D:2      | Killed Jessica
  1605 | D:2      | Reached XP level 5. HP: 31/32 MP: 5/5
  1637 | D:2      | 1637 ||| Stepping ~*~*~tactically~*~*~ (stealth).
  1724 | D:2      | 1724 ||| UPGRADING to +0 helmet.
  1729 | D:2      | 1729 ||| UPGRADING to +2 helmet.
  1739 | D:2      | 1739 ||| DROPPING +0 helmet.
  1740 | D:2      | 1740 ||| READING scroll labelled SAX TAOGAEZ.
  1741 | D:2      | 1741 ||| READING scroll labelled RAITUX BUI.
  1771 | D:2      | 1771 ||| DRINKING 2 glowing white potions.
  1772 | D:2      | 1772 ||| READING 2 scrolls of identify.
  1772 | D:2      | 1772 ||| IDENTIFYING orange potion
  1773 | D:2      | 1773 ||| DROPPING potion of flight.
  1927 | D:3      | 1927 ||| Stepping ~*~*~tactically~*~*~ (hiding).
  1928 | D:3      | 1928 ||| Stepping ~*~*~tactically~*~*~ (hiding).
  1942 | D:3      | 1942 ||| Stepping ~*~*~tactically~*~*~ (stealth).
  1955 | D:3      | 1955 ||| Stepping ~*~*~tactically~*~*~ (hiding).
  2599 | D:3      | 2599 ||| UPGRADING to +1 cloak.
  2604 | D:3      | 2604 ||| UPGRADING to +0 chain mail.
  2614 | D:3      | 2614 ||| DROPPING +0 scale mail.
  2615 | D:3      | 2615 ||| READING scroll labelled MOCOSMI HESUN.
  2616 | D:3      | 2616 ||| READING scroll labelled ISKAEQ OHEU.
  2617 | D:3      | 2617 ||| READING scroll labelled OMIHA ETWULY.
  2618 | D:3      | 2618 ||| READING 4 scrolls of identify.
  2618 | D:3      | 2618 ||| IDENTIFYING white potion
  2619 | D:3      | 2619 ||| READING 3 scrolls of identify.
  2619 | D:3      | 2619 ||| IDENTIFYING coppery potion
  2620 | D:3      | 2620 ||| DROPPING potion of degeneration.
  2683 | D:4      | 2683 ||| Stepping ~*~*~tactically~*~*~ (hiding).
  2684 | D:4      | 2684 ||| Stepping ~*~*~tactically~*~*~ (hiding).
  2689 | D:4      | 2689 ||| FLEEEEING.
  2690 | D:4      | 2690 ||| FLEEEEING.
  2691 | D:4      | 2691 ||| FLEEEEING.
  2694 | D:4      | 2694 ||| FLEEEEING.
  2695 | D:4      | 2695 ||| FLEEEEING.
  2696 | D:4      | 2696 ||| FLEEEEING.
  2697 | D:4      | 2697 ||| FLEEEEING.
  2698 | D:4      | 2698 ||| DRINKING potion of curing.
  2698 | D:4      | 2698 ||| (to cure confusion)
  2748 | D:4      | 2748 ||| DROPPING +0 whip.
  2810 | D:4      | 2810 ||| Stepping ~*~*~tactically~*~*~ (hiding).
  2971 | D:4      | Found a basalt altar of Yredelemnul.
  2973 | D:4      | 2973 ||| Stepping ~*~*~tactically~*~*~ (stealth).
  3066 | D:4      | 3066 ||| READING scroll of enchant weapon.
  3066 | D:4      | 3066 ||| ENCHANTING +1 war axe of freezing.
  3140 | D:4      | Noticed an ogre
  3147 | D:4      | Killed an ogre
  3148 | D:4      | Reached XP level 6. HP: 40/40 MP: 6/6
  3252 | D:4      | Found a staircase to the Ecumenical Temple.
  3253 | D:4      | 3253 ||| PLANNING TEMPLE
  3253 | D:4      | 3253 ||| READING 3 scrolls of identify.
  3253 | D:4      | 3253 ||| IDENTIFYING sedimented black potion
  3266 | Temple   | Entered the Ecumenical Temple
  3293 | Temple   | 3293 ||| PLANNING D:1-11
  3444 | D:5      | Entered Level 5 of the Dungeon
  3523 | D:5      | 3523 ||| READING scroll of enchant weapon.
  3523 | D:5      | 3523 ||| ENCHANTING +2 war axe of freezing.
  3539 | D:5      | Found a stormy altar of Qazlal.
  3555 | D:5      | Found an iron altar of Okawaru.
  3556 | D:5      | 3556 ||| PLANNING OKAWARU WORSHIP
  3565 | D:5      | Found a transporter.
  3566 | D:5      | Identified the +3 buckler of Axzusi {Dex+2}
  3624 | D:5      | Found a snail-covered altar of Cheibriados.
  3625 | D:5      | 3625 ||| Stepping ~*~*~tactically~*~*~ (hiding).
  3694 | D:5      | Reached XP level 7. HP: 44/44 MP: 7/7
  3745 | D:5      | Reached skill level 6 in Axes
  3756 | D:5      | Found a transporter.
  3760 | D:5      | 3760 ||| Stepping ~*~*~tactically~*~*~ (stealth).
  3763 | D:5      | Noticed qw's ghost (novice GrFi)
  3820 | D:5      | 3820 ||| Stepping ~*~*~tactically~*~*~ (stealth).
  3821 | D:5      | 3821 ||| Stepping ~*~*~tactically~*~*~ (stealth).
  3822 | D:5      | 3822 ||| Stepping ~*~*~tactically~*~*~ (stealth).
  3823 | D:5      | 3823 ||| Stepping ~*~*~tactically~*~*~ (stealth).
  3883 | D:5      | Reached skill level 1 in Dodging
  3917 | D:5      | 3917 ||| Stepping ~*~*~tactically~*~*~ (hiding).
  3922 | D:5      | Noticed Eustachio
  3977 | D:5      | Killed Eustachio
  4150 | D:5      | 4150 ||| UPGRADING to +4 ring of protection.
  4151 | D:5      | 4151 ||| READING 3 scrolls of identify.
  4151 | D:5      | 4151 ||| IDENTIFYING viscous sapphire potion
  4213 | D:5      | Became a worshipper of Warmaster Okawaru
  4213 | D:5      | 4213 ||| PLANNING D:1-11
  4425 | D:5      | Reached skill level 1 in Throwing
  4463 | D:5      | 4463 ||| DROPPING +0 flail.
  4474 | D:5      | Found a hide-covered altar of Uskayaw.
  4526 | D:5      | 4526 ||| Stepping ~*~*~tactically~*~*~ (hiding).
  4540 | D:5      | Reached XP level 8. HP: 49/49 MP: 8/8
  4757 | D:5      | 4757 ||| READING scroll labelled IRUKHLA ROYXT.
  4794 | D:6      | 4794 ||| FLEEEEING.
  4795 | D:6      | 4795 ||| FLEEEEING.
  4796 | D:6      | 4796 ||| FLEEEEING.
  4917 | D:6      | 4917 ||| Stepping ~*~*~tactically~*~*~ (stealth).
  5046 | D:6      | 5046 ||| Stepping ~*~*~tactically~*~*~ (stealth).
  5047 | D:6      | 5047 ||| Stepping ~*~*~tactically~*~*~ (stealth).
  5051 | D:6      | 5051 ||| Stepping ~*~*~tactically~*~*~ (stealth).
  5111 | D:6      | Reached * piety under Okawaru
  5238 | D:6      | 5238 ||| Stepping ~*~*~tactically~*~*~ (stealth).
  5247 | D:6      | Reached skill level 1 in Invocations
  5333 | D:6      | Noticed Sigmund
  5333 | D:6      | Noticed Edmund
  5334 | D:6      | 5334 ||| Stepping ~*~*~tactically~*~*~ (stealth).
  5335 | D:6      | 5335 ||| INVOKING Heroism.
  5340 | D:6      | Killed Edmund
  5345 | D:6      | Killed Sigmund
  5346 | D:6      | Reached skill level 6 in Fighting
  5346 | D:6      | Reached skill level 3 in Invocations
  5422 | D:6      | 5422 ||| INVOKING Heroism.
  5565 | D:6      | 5565 ||| Stepping ~*~*~tactically~*~*~ (hiding).
  5567 | D:6      | 5567 ||| Stepping ~*~*~tactically~*~*~ (hiding).
  5570 | D:6      | 5570 ||| INVOKING Heroism.
  5608 | D:6      | 5608 ||| DRINKING potion of curing.
  5608 | D:6      | 5608 ||| (to cure confusion)
  5806 | D:6      | 5806 ||| READING 6 scrolls of identify.
  5806 | D:6      | 5806 ||| IDENTIFYING pink potion
  5807 | D:6      | 5807 ||| DROPPING potion of ambrosia.
  5872 | D:7      | 5872 ||| Stepping ~*~*~tactically~*~*~ (hiding).
  5877 | D:7      | 5877 ||| Stepping ~*~*~tactically~*~*~ (hiding).
  5888 | D:7      | 5888 ||| INVOKING Heroism.
  5890 | D:7      | Reached XP level 9. HP: 38/55 MP: 8/12
  5997 | D:7      | 5997 ||| Stepping ~*~*~tactically~*~*~ (stealth).
  5999 | D:7      | 5999 ||| Stepping ~*~*~tactically~*~*~ (stealth).
  6020 | D:7      | Reached skill level 9 in Axes
  6156 | D:7      | Reached skill level 4 in Shields
  6197 | D:7      | 6197 ||| INVOKING Heroism.
  6268 | D:7      | Found Raceolug's Assorted Antiques.
  6284 | D:7      | 6284 ||| BUYING 2 scrolls of enchant weapon (300 gold).
  6284 | D:7      | Bought 2 scrolls of enchant weapon for 300 gold pieces
  6284 | D:7      | 6284 ||| SHOPLISTING glowing scale mail (140 gold, have
                  | 56).
  6284 | D:7      | 6284 ||| SHOPLISTING potion of resistance (200 gold, have
                  | 56).
  6284 | D:7      | 6284 ||| BUYING scroll labelled OBBOUPL USCHAI (20 gold).
  6284 | D:7      | Bought a scroll labelled OBBOUPL USCHAI for 20 gold pieces
  6284 | D:7      | 6284 ||| BUYING scroll labelled OBBOUPL USCHAI (20 gold).
  6284 | D:7      | Bought a scroll labelled OBBOUPL USCHAI for 20 gold pieces
  6284 | D:7      | 6284 ||| READING 2 scrolls of enchant weapon.
  6284 | D:7      | 6284 ||| ENCHANTING +3 war axe of freezing.
  6285 | D:7      | 6285 ||| READING scroll of enchant weapon.
  6285 | D:7      | 6285 ||| ENCHANTING +4 war axe of freezing.
  6484 | D:7      | 6484 ||| Stepping ~*~*~tactically~*~*~ (stealth).
  6493 | D:7      | Reached ** piety under Okawaru
  6610 | D:7      | Reached XP level 10. HP: 58/63 MP: 13/13
  7018 | D:7      | 7018 ||| UPGRADING to +0 pair of gloves.
  7023 | D:7      | 7023 ||| READING 2 scrolls labelled OBBOUPL USCHAI.
  7024 | D:7      | 7024 ||| READING scroll of enchant armour.
  7024 | D:7      | 7024 ||| ENCHANTING +0 pair of gloves.
  7025 | D:7      | 7025 ||| DRINKING 2 black potions.
  7130 | D:7      | 7130 ||| DROPPING potion of berserk rage.
  7150 | D:8      | Found a burning altar of Makhleb.
  7155 | D:8      | 7155 ||| Stepping ~*~*~tactically~*~*~ (stealth).
  7156 | D:8      | 7156 ||| Stepping ~*~*~tactically~*~*~ (stealth).
  7196 | D:8      | Reached skill level 6 in Armour
  7202 | D:8      | Reached *** piety under Okawaru
  7218 | D:8      | 7218 ||| INVOKING Heroism.
  7223 | D:8      | Reached skill level 5 in Shields
  7234 | D:8      | 7234 ||| Stepping ~*~*~tactically~*~*~ (stealth).
  7271 | D:8      | 7271 ||| FLEEEEING.
  7272 | D:8      | 7272 ||| FLEEEEING.
  7273 | D:8      | 7273 ||| FLEEEEING.
  7278 | D:8      | 7278 ||| STAIRDANCE
  7351 | D:8      | 7351 ||| Stepping ~*~*~tactically~*~*~ (stealth).
  7352 | D:8      | 7352 ||| Stepping ~*~*~tactically~*~*~ (stealth).
  7371 | D:8      | Noticed Erica
  7372 | D:8      | 7372 ||| INVOKING Heroism.
  7373 | D:8      | Found a shimmering blue altar of Sif Muna.
  7385 | D:8      | Killed Erica
  7423 | D:8      | 7423 ||| FLEEEEING.
  7430 | D:8      | 7430 ||| STAIRDANCE
  7504 | D:7      | 7504 ||| READING scroll labelled UVAUSU AMAEGYT.
  7732 | D:8      | Found a sacrificial altar of Ru.
  7771 | D:8      | Found an ornate altar of the Wu Jian Council.
  7806 | D:8      | Found an ancient bone altar of Kikubaaqudgha.
  7860 | D:8      | 7860 ||| INVOKING Heroism.
  7952 | D:8      | Found Sunacesk's Distillery.
  7955 | D:8      | 7955 ||| BUYING potion of attraction (42 gold).
  7955 | D:8      | Bought a potion of attraction for 42 gold pieces
  7955 | D:8      | 7955 ||| BUYING potion of curing (42 gold).
  7955 | D:8      | Bought a potion of curing for 42 gold pieces
  7955 | D:8      | 7955 ||| SHOPLISTING potion of haste (140 gold, have 122).
  7955 | D:8      | 7955 ||| BUYING potion of heal wounds (70 gold).
  7955 | D:8      | Bought a potion of heal wounds for 70 gold pieces
  7955 | D:8      | 7955 ||| BUYING potion of lignification (42 gold).
  7955 | D:8      | Bought a potion of lignification for 42 gold pieces
  7956 | D:8      | Found a shadowy altar of Dithmenos.
  7996 | D:8      | Found a hazy altar of Hepliaklqana.
  8167 | D:8      | 8167 ||| UPGRADING to +6 ring of dexterity.
  8197 | D:9      | Noticed a wizard
  8198 | D:9      | Noticed a manticore
  8199 | D:9      | 8199 ||| INVOKING Heroism.
  8200 | D:9      | Killed a wizard
  8201 | D:9      | Reached skill level 3 in Dodging
  8205 | D:9      | Killed a manticore
  8221 | D:9      | Identified the +1 flail of the Breathing Shrike {vamp,
                  | rElec Int-5 Dex+5}
  8223 | D:9      | 8223 ||| DROPPING +2 flail of draining.
  8290 | D:9      | 8290 ||| INVOKING Heroism.
  8297 | D:9      | Reached XP level 11. HP: 55/69 MP: 11/14
  8313 | D:9      | 8313 ||| STAIRDANCE
  8384 | D:9      | 8384 ||| Stepping ~*~*~tactically~*~*~ (stealth).
  8391 | D:9      | Reached skill level 9 in Fighting
  8403 | D:9      | Reached **** piety under Okawaru
  8475 | D:9      | 8475 ||| Stepping ~*~*~tactically~*~*~ (hiding).
  8480 | D:9      | 8480 ||| INVOKING Heroism.
  8497 | D:9      | Found a glowing silver altar of Zin.
  8542 | D:9      | 8542 ||| DRINKING 3 potions of curing.
  8542 | D:9      | 8542 ||| (to cure confusion)
  8584 | D:9      | Found a staircase to the Orcish Mines.
  8897 | D:9      | 8897 ||| INVOKING Heroism.
  9076 | D:9      | Noticed a two-headed ogre
  9077 | D:9      | 9077 ||| INVOKING Heroism.
  9082 | D:9      | Killed a two-headed ogre
  9162 | D:9      | 9162 ||| UPGRADING to scarf of repulsion.
  9172 | D:9      | 9172 ||| READING 8 scrolls of identify.
  9172 | D:9      | 9172 ||| IDENTIFYING emerald potion
  9180 | D:10     | Entered Level 10 of the Dungeon
  9187 | D:10     | 9187 ||| FLEEEEING.
  9188 | D:10     | 9188 ||| FLEEEEING.
  9189 | D:10     | 9189 ||| STAIRDANCE
  9239 | D:10     | 9239 ||| STAIRDANCE
  9286 | D:10     | 9286 ||| Stepping ~*~*~tactically~*~*~ (stealth).
  9298 | D:10     | 9298 ||| Stepping ~*~*~tactically~*~*~ (stealth).
  9308 | D:10     | Noticed Psyche
  9309 | D:10     | 9309 ||| INVOKING Heroism.
  9311 | D:10     | 9311 ||| Stepping ~*~*~tactically~*~*~ (hiding).
  9312 | D:10     | 9312 ||| Stepping ~*~*~tactically~*~*~ (hiding).
  9318 | D:10     | Killed Psyche
  9331 | D:10     | 9331 ||| Stepping ~*~*~tactically~*~*~ (hiding).
  9332 | D:10     | 9332 ||| Stepping ~*~*~tactically~*~*~ (hiding).
  9334 | D:10     | 9334 ||| Stepping ~*~*~tactically~*~*~ (hiding).
  9341 | D:10     | 9341 ||| Stepping ~*~*~tactically~*~*~ (stealth).
  9450 | D:10     | Identified the ring "Soxzopta" {rN+ Str+3 Int+2 Dex+4
                  | Stlth+}
  9451 | D:10     | 9451 ||| Stepping ~*~*~tactically~*~*~ (hiding).
  9708 | D:10     | 9708 ||| Stepping ~*~*~tactically~*~*~ (stealth).
  9710 | D:10     | 9710 ||| Stepping ~*~*~tactically~*~*~ (stealth).
  9712 | D:10     | 9712 ||| INVOKING Heroism.
  9720 | D:10     | 9720 ||| Stepping ~*~*~tactically~*~*~ (stealth).
  9755 | D:10     | 9755 ||| Stepping ~*~*~tactically~*~*~ (stealth).
  9756 | D:10     | 9756 ||| Stepping ~*~*~tactically~*~*~ (stealth).
  9842 | D:10     | Noticed Lodul
  9860 | D:10     | Reached skill level 12 in Axes
  9865 | D:10     | Killed Lodul
  9866 | D:10     | Reached skill level 6 in Invocations
  9902 | D:10     | 9902 ||| Stepping ~*~*~tactically~*~*~ (stealth).
  9965 | D:10     | Identified the +2 trident of Byrumnus {antimagic, rF-
                  | Dex+4}
  9974 | D:10     | Found an opulent altar of Gozag.
  9983 | D:10     | 9983 ||| Stepping ~*~*~tactically~*~*~ (stealth).
 10045 | D:10     | Reached skill level 6 in Shields
 10076 | D:10     | Found a broken altar of Ashenzari.
 10291 | D:10     | 10291 ||| UPGRADING to +0 plate armour.
 10301 | D:10     | 10301 ||| DROPPING +0 chain mail.
 10302 | D:10     | 10302 ||| UPGRADING to ring "Soxzopta" {rN+ Str+3 Int+2
                  | Dex+4 Stlth+}.
 10304 | D:10     | 10304 ||| DROPPING +6 ring of dexterity.
 10305 | D:10     | 10305 ||| READING scroll labelled AKOHAM CUNGACU.
 10350 | D:11     | Noticed a cyan ugly thing
 10351 | D:11     | 10351 ||| FLEEEEING.
 10356 | D:11     | 10356 ||| FLEEEEING.
 10357 | D:11     | 10357 ||| FLEEEEING.
 10360 | D:11     | 10360 ||| FLEEEEING.
 10361 | D:11     | 10361 ||| STAIRDANCE
 10473 | D:11     | 10473 ||| INVOKING Heroism.
 10477 | D:11     | Killed a cyan ugly thing
 10485 | D:11     | Reached ***** piety under Okawaru
 10571 | D:11     | Reached XP level 12. HP: 75/76 MP: 17/17
 10697 | D:11     | 10697 ||| Stepping ~*~*~tactically~*~*~ (stealth).
 10722 | D:11     | You fall into a shaft and drop 3 floors!
 10723 | D:14     | 10723 ||| DROPPING +6 ring of intelligence.
 10724 | D:14     | 10724 ||| READING 7 scrolls of identify.
 10724 | D:14     | 10724 ||| IDENTIFYING fizzy black potion
 10725 | D:14     | 10725 ||| DROPPING potion of invisibility.
 10726 | D:14     | Noticed a centaur warrior
 10736 | D:14     | Noticed a centaur warrior
 10738 | D:14     | Killed a centaur warrior
 10741 | D:14     | 10741 ||| INVOKING Heroism.
 10741 | D:14     | Killed a centaur warrior
 10838 | D:13     | Noticed a centaur warrior
 10841 | D:13     | Killed a centaur warrior
 10847 | D:13     | Received a gift from Okawaru
 10849 | D:13     | Reached skill level 9 in Invocations
 10862 | D:13     | 10862 ||| SWAPPING to +3 broad axe of venom.
 10863 | D:13     | 10863 ||| DROPPING +5 war axe of freezing.
 10878 | D:13     | 10878 ||| Stepping ~*~*~tactically~*~*~ (hiding).
 10884 | D:13     | Noticed a centaur warrior
 10887 | D:13     | 10887 ||| INVOKING Heroism.
 10898 | D:13     | Killed a centaur warrior
 10900 | D:13     | Noticed Frances
 10901 | D:13     | 10901 ||| INVOKING Finesse.
 10901 | D:13     | HP: 15/77 [manticore (5)]
 10902 | D:13     | 10902 ||| READING scroll of teleportation.
 10902 | D:13     | HP: 5/77 [manticore (9)]
 10903 | D:13     | 10903 ||| DRINKING 3 potions of heal wounds.
 10948 | D:13     | 10948 ||| INVOKING Heroism.
 10995 | D:13     | HP: 19/77 [efreet/+3 scimitar of flaming (1)]
 10996 | D:13     | 10996 ||| DRINKING 2 potions of heal wounds.
 11103 | D:13     | 11103 ||| Stepping randomly (stuck).
 11104 | D:13     | 11104 ||| Stepping randomly (stuck).
 11105 | D:13     | 11105 ||| Stepping randomly (stuck).
 11106 | D:13     | 11106 ||| Stepping randomly (stuck).
 11107 | D:13     | 11107 ||| Stepping randomly (stuck).
 11108 | D:13     | 11108 ||| Stepping randomly (stuck).
 11109 | D:13     | 11109 ||| Stepping randomly (stuck).
 11171 | D:13     | 11171 ||| Stepping randomly (stuck).
 11172 | D:13     | 11172 ||| Stepping randomly (stuck).
 11173 | D:13     | 11173 ||| Stepping randomly (stuck).
 11174 | D:13     | 11174 ||| Stepping randomly (stuck).
 11175 | D:13     | 11175 ||| Stepping randomly (stuck).
 11176 | D:13     | 11176 ||| INVOKING Heroism.
 11187 | D:13     | Received a gift from Okawaru
 11198 | D:13     | 11198 ||| Stepping ~*~*~tactically~*~*~ (stealth).
 11208 | D:13     | 11208 ||| INVOKING Heroism.
 11215 | D:13     | Reached skill level 9 in Armour
 11218 | D:13     | 11218 ||| Stepping ~*~*~tactically~*~*~ (hiding).
 11221 | D:13     | 11221 ||| INVOKING Finesse.
 11227 | D:13     | Noticed a centaur warrior
 11233 | D:13     | Killed Frances
 11234 | D:13     | Reached skill level 3 in Throwing
 11234 | D:13     | Reached XP level 13. HP: 80/82 MP: 14/20
 11239 | D:13     | Identified the +2 robe "Guragg" {Stlth+} (Okawaru gifted it
                  | to you on level 13 of the Dungeon)
 11239 | D:13     | Received a gift from Okawaru
 11273 | D:12     | 11273 ||| Stepping randomly (disturbance).
 11305 | D:11     | 11305 ||| Stepping ~*~*~tactically~*~*~ (hiding).
 11412 | D:11     | Found a staircase to the Lair.
 11426 | D:11     | 11426 ||| READING scroll of brand weapon.
 11426 | D:11     | 11426 ||| BRANDING +3 broad axe of venom.
 11584 | D:11     | 11584 ||| INVOKING Heroism.
 11871 | D:11     | 11871 ||| INVOKING Heroism.
 11962 | D:11     | 11962 ||| INVOKING Heroism.
 12023 | D:11     | Identified the +8 short sword of Responsibility {elec,
                  | Dex+2}
 12035 | D:11     | 12035 ||| Stepping ~*~*~tactically~*~*~ (hiding).
 12286 | D:11     | 12286 ||| PLANNING LAIR
 12286 | D:11     | 12286 ||| DROPPING ring of magical power.
 12287 | D:11     | 12287 ||| READING scroll labelled AKID ZYNENIOSU.
 12352 | Lair:1   | Entered Level 1 of the Lair of Beasts
 12396 | Lair:1   | Noticed Urug
 12397 | Lair:1   | 12397 ||| INVOKING Heroism.
 12402 | Lair:1   | 12402 ||| INVOKING Finesse.
 12411 | Lair:1   | Killed Urug
 12447 | Lair:1   | 12447 ||| DROPPING +1 flail of the Breathing Shrike {vamp,
                  | rElec Int-5 Dex+5}.
 12664 | Lair:1   | 12664 ||| INVOKING Heroism.
 12794 | Lair:1   | Noticed Gastronok
 12795 | Lair:1   | 12795 ||| INVOKING Heroism.
 12809 | Lair:1   | Killed Gastronok
 13017 | Lair:1   | 13017 ||| INVOKING Heroism.
 13018 | Lair:1   | 13018 ||| Stepping ~*~*~tactically~*~*~ (hiding).
 13019 | Lair:1   | 13019 ||| Stepping ~*~*~tactically~*~*~ (hiding).
 13181 | Lair:1   | 13181 ||| DROPPING amulet of guardian spirit.
 13182 | Lair:1   | 13182 ||| READING 9 scrolls of identify.
 13182 | Lair:1   | 13182 ||| IDENTIFYING viscous grey potion
 13225 | Lair:2   | Found a staircase to the Swamp.
 13238 | Lair:2   | 13238 ||| FLEEEEING.
 13629 | Lair:2   | Noticed Maggie
 13630 | Lair:2   | 13630 ||| Stepping ~*~*~tactically~*~*~ (hiding).
 13631 | Lair:2   | 13631 ||| Stepping ~*~*~tactically~*~*~ (hiding).
 13633 | Lair:2   | 13633 ||| Stepping ~*~*~tactically~*~*~ (hiding).
 13643 | Lair:2   | Killed Maggie
 13664 | Lair:2   | 13664 ||| Stepping ~*~*~tactically~*~*~ (stealth).
 13665 | Lair:2   | 13665 ||| Stepping ~*~*~tactically~*~*~ (stealth).
 13666 | Lair:2   | 13666 ||| Stepping ~*~*~tactically~*~*~ (stealth).
 13682 | Lair:2   | 13682 ||| INVOKING Heroism.
 13930 | Lair:2   | Reached skill level 7 in Shields
 14129 | Lair:3   | 14129 ||| INVOKING Heroism.
 14198 | Lair:3   | 14198 ||| INVOKING Heroism.
 14382 | Lair:3   | Found a staircase to the Snake Pit.
 14397 | Lair:3   | 14397 ||| INVOKING Heroism.
 14523 | Lair:3   | 14523 ||| INVOKING Heroism.
 15027 | Lair:3   | 15027 ||| Stepping ~*~*~tactically~*~*~ (stealth).
 15029 | Lair:3   | 15029 ||| INVOKING Heroism.
 15260 | Lair:3   | 15260 ||| UPGRADING to scarf of resistance.
 15270 | Lair:3   | 15270 ||| DROPPING scarf of repulsion.
 15271 | Lair:3   | 15271 ||| DROPPING ring of willpower.
 15302 | Lair:4   | 15302 ||| INVOKING Heroism.
 15311 | Lair:4   | Gained mutation: Your large and strong wings let you fly.
                  | [Gargoyle growth]
 15311 | Lair:4   | Reached XP level 14. HP: 83/90 MP: 19/21
 15400 | Lair:4   | Reached skill level 6 in Throwing
 15406 | Lair:4   | Received a gift from Okawaru
 15604 | Lair:4   | Found a runed translucent door.
 15627 | Lair:4   | Noticed qw's ghost (journeyman GrFi)
 15695 | Lair:4   | Found a runed translucent door.
 15763 | Lair:4   | 15763 ||| Stepping ~*~*~tactically~*~*~ (stealth).
 15923 | Lair:4   | 15923 ||| INVOKING Heroism.
 15928 | Lair:4   | 15928 ||| SWAPPING to +6 eveningstar.
 15933 | Lair:4   | 15933 ||| SWAPPING to +3 broad axe of protection.
 15943 | Lair:4   | 15943 ||| Stepping ~*~*~tactically~*~*~ (stealth).
 16042 | Lair:4   | Reached skill level 15 in Axes
 16055 | Lair:4   | 16055 ||| Stepping ~*~*~tactically~*~*~ (stealth).
 16333 | Lair:5   | Entered Level 5 of the Lair of Beasts
 16335 | Lair:5   | 16335 ||| Stepping ~*~*~tactically~*~*~ (stealth).
 16387 | Lair:5   | 16387 ||| Stepping ~*~*~tactically~*~*~ (stealth).
 16391 | Lair:5   | 16391 ||| Stepping ~*~*~tactically~*~*~ (stealth).
 16406 | Lair:5   | 16406 ||| INVOKING Heroism.
 16410 | Lair:5   | Received a gift from Okawaru
 16472 | Lair:5   | Reached skill level 12 in Fighting
 16546 | Lair:5   | 16546 ||| Stepping ~*~*~tactically~*~*~ (stealth).
 16556 | Lair:5   | 16556 ||| INVOKING Heroism.
 16705 | Lair:5   | Identified the amulet "Qysych" {Harm rN+ Regen+ rCorr
                  | Int+2}
 16741 | Lair:5   | Received a gift from Okawaru
 16790 | Lair:5   | 16790 ||| Stepping ~*~*~tactically~*~*~ (stealth).
 16793 | Lair:5   | 16793 ||| Stepping ~*~*~tactically~*~*~ (stealth).
 16806 | Lair:5   | 16806 ||| INVOKING Heroism.
 16950 | Lair:5   | 16950 ||| INVOKING Heroism.
 17010 | Lair:5   | 17010 ||| FLEEEEING.
 17012 | Lair:5   | 17012 ||| STAIRDANCE
 17066 | Lair:5   | 17066 ||| INVOKING Heroism.
 17128 | Lair:5   | 17128 ||| FLEEEEING.
 17129 | Lair:5   | 17129 ||| STAIRDANCE
 17226 | Lair:5   | 17226 ||| Stepping ~*~*~tactically~*~*~ (stealth).
 17227 | Lair:5   | 17227 ||| Stepping ~*~*~tactically~*~*~ (stealth).
 17228 | Lair:5   | 17228 ||| Stepping ~*~*~tactically~*~*~ (stealth).
 17249 | Lair:5   | 17249 ||| FLEEEEING.
 17293 | Lair:5   | 17293 ||| Stepping ~*~*~tactically~*~*~ (stealth).
 17323 | Lair:5   | 17323 ||| Stepping ~*~*~tactically~*~*~ (stealth).
 17325 | Lair:5   | 17325 ||| Stepping ~*~*~tactically~*~*~ (stealth).
 17351 | Lair:5   | Reached skill level 8 in Shields
 17413 | Lair:5   | 17413 ||| Stepping ~*~*~tactically~*~*~ (stealth).
 17419 | Lair:5   | 17419 ||| Stepping ~*~*~tactically~*~*~ (stealth).
 17421 | Lair:5   | 17421 ||| Stepping ~*~*~tactically~*~*~ (stealth).
 17453 | Lair:5   | 17453 ||| Stepping ~*~*~tactically~*~*~ (stealth).
 17505 | Lair:5   | 17505 ||| Stepping ~*~*~tactically~*~*~ (stealth).
 17506 | Lair:5   | 17506 ||| INVOKING Heroism.
 17507 | Lair:5   | 17507 ||| Stepping ~*~*~tactically~*~*~ (hiding).
 17508 | Lair:5   | 17508 ||| Stepping ~*~*~tactically~*~*~ (hiding).
 17510 | Lair:5   | 17510 ||| Stepping ~*~*~tactically~*~*~ (hiding).
 17511 | Lair:5   | 17511 ||| Stepping ~*~*~tactically~*~*~ (hiding).
 17512 | Lair:5   | 17512 ||| Stepping ~*~*~tactically~*~*~ (hiding).
 17514 | Lair:5   | 17514 ||| Stepping ~*~*~tactically~*~*~ (hiding).
 17515 | Lair:5   | 17515 ||| INVOKING Finesse.
 17844 | Lair:5   | Found a viscous altar of Jiyva.
 17847 | Lair:5   | Found a staircase to the Slime Pits.
 18031 | Lair:5   | 18031 ||| FLEEEEING.
 18032 | Lair:5   | 18032 ||| FLEEEEING.
 18033 | Lair:5   | 18033 ||| FLEEEEING.
 18034 | Lair:5   | 18034 ||| FLEEEEING.
 18039 | Lair:5   | 18039 ||| FLEEEEING.
 18040 | Lair:5   | 18040 ||| FLEEEEING.
 18041 | Lair:5   | 18041 ||| FLEEEEING.
 18042 | Lair:5   | 18042 ||| FLEEEEING.
 18044 | Lair:5   | 18044 ||| FLEEEEING.
 18046 | Lair:5   | 18046 ||| FLEEEEING.
 18047 | Lair:5   | 18047 ||| FLEEEEING.
 18048 | Lair:5   | 18048 ||| FLEEEEING.
 18049 | Lair:5   | 18049 ||| FLEEEEING.
 18050 | Lair:5   | 18050 ||| FLEEEEING.
 18052 | Lair:5   | 18052 ||| FLEEEEING.
 18053 | Lair:5   | 18053 ||| FLEEEEING.
 18054 | Lair:5   | 18054 ||| FLEEEEING.
 18055 | Lair:5   | 18055 ||| FLEEEEING.
 18056 | Lair:5   | 18056 ||| FLEEEEING.
 18057 | Lair:5   | 18057 ||| FLEEEEING.
 18058 | Lair:5   | 18058 ||| STAIRDANCE
 18102 | Lair:5   | 18102 ||| PLANNING D
 18257 | D:12     | 18257 ||| Stepping randomly (disturbance).
 18331 | D:12     | Found a runed translucent door.
 18333 | D:12     | Noticed Bananafolds's ghost (journeyman DrAE)
 18373 | D:12     | 18373 ||| Stepping ~*~*~tactically~*~*~ (stealth).
 18416 | D:12     | Reached XP level 15. HP: 89/96 MP: 22/22
 18466 | D:12     | Found Himpar's Assorted Antiques.
 18473 | D:12     | 18473 ||| BUYING faintly humming chain mail (228 gold).
 18473 | D:12     | Bought a faintly humming chain mail for 228 gold pieces
 18473 | D:12     | Identified the +8 chain mail of Modesty {rPois MP+9} (You
                  | bought it in a shop on level 12 of the Dungeon)
 18473 | D:12     | 18473 ||| BUYING potion of cancellation (192 gold).
 18473 | D:12     | Bought a potion of cancellation for 192 gold pieces
 18573 | D:12     | 18573 ||| Stepping ~*~*~tactically~*~*~ (stealth).
 18574 | D:12     | 18574 ||| Stepping ~*~*~tactically~*~*~ (stealth).
 18581 | D:12     | 18581 ||| Stepping ~*~*~tactically~*~*~ (hiding).
 18630 | D:12     | 18630 ||| Stepping randomly (disturbance).
 18642 | D:12     | 18642 ||| Stepping ~*~*~tactically~*~*~ (hiding).
 18644 | D:12     | 18644 ||| Stepping ~*~*~tactically~*~*~ (hiding).
 18662 | D:12     | 18662 ||| Stepping ~*~*~tactically~*~*~ (stealth).
 18664 | D:12     | 18664 ||| Stepping ~*~*~tactically~*~*~ (hiding).
 18666 | D:12     | 18666 ||| Stepping ~*~*~tactically~*~*~ (hiding).
 19232 | D:12     | 19232 ||| UPGRADING to +8 chain mail of Modesty {rPois
                  | MP+9}.
 19242 | D:12     | 19242 ||| DROPPING +0 plate armour.
 19395 | D:13     | 19395 ||| READING scroll of enchant armour.
 19395 | D:13     | 19395 ||| ENCHANTING +1 pair of gloves.
 19600 | D:13     | 19600 ||| INVOKING Heroism.
 19601 | D:13     | 19601 ||| INVOKING Finesse.
 19605 | D:13     | 19605 ||| SWAPPING to +6 eveningstar.
 19607 | D:13     | 19607 ||| SWAPPING to +3 broad axe of protection.
 19707 | D:13     | Found a gate to the Vaults.
 20108 | D:14     | Found Inelav's Antique Weapon Shoppe.
 20132 | D:14     | 20132 ||| BUYING runed broad axe (273 gold).
 20132 | D:14     | Bought a runed broad axe for 273 gold pieces
 20132 | D:14     | 20132 ||| DROPPING +2 broad axe of freezing.
 20183 | D:14     | 20183 ||| Stepping ~*~*~tactically~*~*~ (hiding).
 20186 | D:14     | 20186 ||| Stepping ~*~*~tactically~*~*~ (hiding).
 20187 | D:14     | 20187 ||| Stepping ~*~*~tactically~*~*~ (hiding).
 20318 | D:14     | 20318 ||| Stepping ~*~*~tactically~*~*~ (hiding).
 20320 | D:14     | 20320 ||| INVOKING Heroism.
 20712 | D:14     | 20712 ||| Stepping ~*~*~tactically~*~*~ (hiding).
 20724 | D:14     | 20724 ||| Stepping ~*~*~tactically~*~*~ (stealth).
 20727 | D:14     | 20727 ||| Stepping ~*~*~tactically~*~*~ (stealth).
 20867 | D:14     | 20867 ||| DROPPING amulet of regeneration.
 20868 | D:14     | 20868 ||| READING scroll labelled OSSOUPA OKIWU.
 20894 | D:15     | Entered Level 15 of the Dungeon
 20909 | D:15     | 20909 ||| INVOKING Heroism.
 20913 | D:15     | Identified the +0 plate armour of the Constellations {Will+
                  | Dex+2 SInv Stlth-}
 20915 | D:15     | 20915 ||| SWAPPING to +6 eveningstar.
 20917 | D:15     | 20917 ||| SWAPPING to +3 broad axe of protection.
 20926 | Abyss:2  | Cast into level 2 of the Abyss (a wizard)
 21002 | Abyss:2  | Noticed a tentacled starspawn
 21012 | Abyss:2  | Killed a tentacled starspawn
 21035 | Abyss:2  | 21035 ||| Stepping ~*~*~tactically~*~*~ (stealth).
 21036 | Abyss:2  | 21036 ||| Stepping ~*~*~tactically~*~*~ (hiding).
 21037 | Abyss:2  | 21037 ||| Stepping ~*~*~tactically~*~*~ (stealth).
 21039 | Abyss:2  | 21039 ||| Stepping ~*~*~tactically~*~*~ (stealth).
 21049 | Abyss:2  | 21049 ||| Stepping ~*~*~tactically~*~*~ (hiding).
 21059 | Abyss:2  | 21059 ||| INVOKING Heroism.
 21073 | Abyss:2  | Identified the +2 robe "Kiyprept" {Str+3} (Okawaru gifted
                  | it to you on level 2 of the Abyss)
 21073 | Abyss:2  | Received a gift from Okawaru
 21106 | Abyss:2  | 21106 ||| INVOKING Heroism.
 21157 | D:15     | Escaped the Abyss
 21159 | D:15     | 21159 ||| STAIRDANCE
 21283 | D:15     | Identified the +2 cloak of Understanding {Dex+3}
 21300 | D:15     | 21300 ||| FLEEEEING.
 21301 | D:15     | 21301 ||| FLEEEEING.
 21302 | D:15     | 21302 ||| STAIRDANCE
 21351 | D:14     | 21351 ||| DROPPING +1 cloak.
 21352 | D:14     | 21352 ||| UPGRADING to +0 plate armour of the
                  | Constellations {Will+ Dex+2 SInv Stlth-}.
 21362 | D:14     | 21362 ||| UPGRADING to +2 cloak of Understanding {Dex+3}.
 21385 | D:15     | 21385 ||| STAIRDANCE
 21389 | D:14     | 21389 ||| INVOKING Heroism.
 21552 | D:15     | 21552 ||| INVOKING Heroism.
 21765 | D:15     | 21765 ||| INVOKING Heroism.
 21786 | D:15     | 21786 ||| Stepping ~*~*~tactically~*~*~ (stealth).
 21822 | D:15     | 21822 ||| Stepping ~*~*~tactically~*~*~ (stealth).
 21824 | D:15     | 21824 ||| Stepping ~*~*~tactically~*~*~ (hiding).
 21874 | D:15     | 21874 ||| INVOKING Heroism.
 21879 | D:15     | Reached skill level 12 in Armour
 21938 | D:15     | 21938 ||| Stepping ~*~*~tactically~*~*~ (stealth).
 22038 | D:15     | Found a staircase to the Depths.
 22093 | D:15     | Found a radiant altar of Vehumet.
 22211 | D:15     | 22211 ||| PLANNING ORC
 22211 | D:15     | 22211 ||| UPGRADING to +1 pair of boots.
 22324 | Orc:1    | Entered Level 1 of the Orcish Mines
 22325 | Orc:1    | 22325 ||| Stepping ~*~*~tactically~*~*~ (hiding).
 22422 | Orc:1    | 22422 ||| INVOKING Heroism.
 22442 | Orc:1    | Reached XP level 16. HP: 104/104 MP: 23/23
 22442 | Orc:1    | 22442 ||| Stepping ~*~*~tactically~*~*~ (hiding).
 22443 | Orc:1    | 22443 ||| Stepping ~*~*~tactically~*~*~ (hiding).
 22460 | Orc:1    | 22460 ||| INVOKING Finesse.
 22735 | Orc:2    | Entered Level 2 of the Orcish Mines
 22735 | Orc:2    | Found a staircase to the Elven Halls.
 22846 | Orc:2    | 22846 ||| INVOKING Heroism.
 22890 | Orc:2    | 22890 ||| Stepping ~*~*~tactically~*~*~ (hiding).
 22891 | Orc:2    | 22891 ||| INVOKING Heroism.
 22893 | Orc:2    | Found Imuod's Distillery.
 22899 | Orc:2    | 22899 ||| INVOKING Finesse.
 22905 | Orc:2    | Received a gift from Okawaru
 22926 | Orc:2    | 22926 ||| Stepping ~*~*~tactically~*~*~ (stealth).
 22953 | Orc:2    | 22953 ||| Stepping ~*~*~tactically~*~*~ (stealth).
 22972 | Orc:2    | 22972 ||| BUYING potion of attraction (36 gold).
 22972 | Orc:2    | Bought a potion of attraction for 36 gold pieces
 22972 | Orc:2    | 22972 ||| BUYING potion of attraction (36 gold).
 22972 | Orc:2    | Bought a potion of attraction for 36 gold pieces
 22972 | Orc:2    | 22972 ||| BUYING potion of curing (36 gold).
 22972 | Orc:2    | Bought a potion of curing for 36 gold pieces
 22972 | Orc:2    | 22972 ||| BUYING potion of might (48 gold).
 22972 | Orc:2    | Bought a potion of might for 48 gold pieces
 22987 | Orc:2    | Found an ancient bone altar of Kikubaaqudgha.
 22990 | Orc:2    | 22990 ||| Stepping ~*~*~tactically~*~*~ (hiding).
 22993 | Orc:2    | 22993 ||| INVOKING Heroism.
 23010 | Orc:2    | 23010 ||| Stepping ~*~*~tactically~*~*~ (stealth).
 23011 | Orc:2    | 23011 ||| Stepping ~*~*~tactically~*~*~ (stealth).
 23013 | Orc:2    | 23013 ||| Stepping ~*~*~tactically~*~*~ (hiding).
 23122 | Orc:2    | Found Pywahof's Distillery.
 23129 | Orc:2    | 23129 ||| INVOKING Heroism.
 23129 | Orc:2    | Noticed Erolcha
 23137 | Orc:2    | Received a gift from Okawaru
 23141 | Orc:2    | Killed Erolcha
 23147 | Orc:2    | Found Poehixo's Antique Weapon Shop.
 23200 | Orc:2    | Found Nuqocot's Jewellery Boutique.
 23214 | Orc:2    | 23214 ||| BUYING +5 ring of evasion (468 gold).
 23214 | Orc:2    | Bought a +5 ring of evasion for 468 gold pieces
 23214 | Orc:2    | 23214 ||| BUYING ring "Jilibb Ylotz" {Fly rF+} (409 gold).
 23214 | Orc:2    | Bought the ring "Jilibb Ylotz" {Fly rF+} for 409 gold
                  | pieces
 23214 | Orc:2    | 23214 ||| SHOPLISTING ring "Ycvuoph" {rN+ Str+6 Int+2} (668
                  | gold, have 305).
 23214 | Orc:2    | 23214 ||| SHOPLISTING ring of Secrets {AC+4 Int-2 SInv
                  | Stlth+} (595 gold, have 305).
 23214 | Orc:2    | 23214 ||| SHOPLISTING ring of protection from fire (325
                  | gold, have 305).
 23242 | Orc:2    | 23242 ||| BUYING potion of curing (45 gold).
 23242 | Orc:2    | Bought a potion of curing for 45 gold pieces
 23242 | Orc:2    | 23242 ||| BUYING potion of heal wounds (75 gold).
 23242 | Orc:2    | Bought a potion of heal wounds for 75 gold pieces
 23242 | Orc:2    | 23242 ||| BUYING potion of heal wounds (75 gold).
 23242 | Orc:2    | Bought a potion of heal wounds for 75 gold pieces
 23242 | Orc:2    | 23242 ||| BUYING potion of lignification (45 gold).
 23242 | Orc:2    | Bought a potion of lignification for 45 gold pieces
 23242 | Orc:2    | 23242 ||| BUYING potion of lignification (45 gold).
 23242 | Orc:2    | Bought a potion of lignification for 45 gold pieces
 23242 | Orc:2    | 23242 ||| SHOPLISTING potion of mutation (120 gold, have
                  | 20).
 23244 | Orc:2    | Found a radiant altar of Vehumet.
 23348 | Orc:2    | 23348 ||| Stepping ~*~*~tactically~*~*~ (stealth).
 23441 | Orc:2    | 23441 ||| Stepping ~*~*~tactically~*~*~ (hiding).
 23444 | Orc:2    | 23444 ||| Stepping ~*~*~tactically~*~*~ (hiding).
 23847 | Orc:2    | 23847 ||| PLANNING SNAKE:1-3
 23847 | Orc:2    | 23847 ||| UPGRADING to +5 ring of evasion.
 23849 | Orc:2    | 23849 ||| UPGRADING to +4 ring of protection.
 23851 | Orc:2    | 23851 ||| DROPPING ring "Soxzopta" {rN+ Str+3 Int+2 Dex+4
                  | Stlth+}.
 24025 | Snake:1  | Entered Level 1 of the Snake Pit
 24025 | Snake:1  | Noticed qw's ghost (adept GrFi)
 24025 | Snake:1  | Found a runed translucent door.
 24037 | Snake:1  | 24037 ||| INVOKING Heroism.
 24146 | Snake:1  | 24146 ||| FLEEEEING.
 24147 | Snake:1  | 24147 ||| FLEEEEING.
 24161 | Snake:1  | 24161 ||| Stepping ~*~*~tactically~*~*~ (hiding).
 24233 | Snake:1  | 24233 ||| INVOKING Heroism.
 24237 | Snake:1  | Received a gift from Okawaru
 24246 | Snake:1  | HP: 26/104 [naga/+0 halberd of freezing (7)]
 24247 | Snake:1  | 24247 ||| READING 9 scrolls of teleportation.
 24248 | Snake:1  | 24248 ||| DRINKING 5 potions of heal wounds.
 24575 | Snake:1  | Received a gift from Okawaru
 24576 | Snake:1  | Reached skill level 18 in Axes
 24683 | Snake:1  | 24683 ||| Stepping ~*~*~tactically~*~*~ (hiding).
 24701 | Snake:1  | 24701 ||| INVOKING Heroism.
 24713 | Snake:1  | 24713 ||| FLEEEEING.
 24714 | Snake:1  | 24714 ||| FLEEEEING.
 24723 | Snake:1  | Reached skill level 9 in Shields
 25028 | Snake:1  | Received a gift from Okawaru
 25066 | Snake:1  | 25066 ||| Stepping ~*~*~tactically~*~*~ (hiding).
 25085 | Snake:1  | 25085 ||| INVOKING Heroism.
 25096 | Snake:1  | Received a gift from Okawaru
 25587 | Snake:1  | 25587 ||| Stepping ~*~*~tactically~*~*~ (stealth).
 25589 | Snake:1  | 25589 ||| Stepping ~*~*~tactically~*~*~ (hiding).
 25705 | Snake:1  | 25705 ||| UPGRADING to +1 tower shield of protection.
 25715 | Snake:1  | 25715 ||| DROPPING +0 buckler.
 25772 | Snake:2  | 25772 ||| Stepping ~*~*~tactically~*~*~ (hiding).
 25896 | Snake:2  | 25896 ||| Stepping ~*~*~tactically~*~*~ (hiding).
 25916 | Snake:2  | 25916 ||| READING scroll of enchant armour.
 25916 | Snake:2  | 25916 ||| ENCHANTING +1 pair of boots.
 25939 | Snake:2  | 25939 ||| INVOKING Heroism.
 25941 | Snake:2  | Found a hide-covered altar of Uskayaw.
 25943 | Snake:2  | 25943 ||| INVOKING Finesse.
 25993 | Snake:2  | 25993 ||| INVOKING Heroism.
 26064 | Snake:2  | Reached skill level 10 in Shields
 26071 | Snake:2  | Received a gift from Okawaru
 26141 | Snake:2  | Found a glowing golden altar of the Shining One.
 26236 | Snake:2  | 26236 ||| Stepping ~*~*~tactically~*~*~ (hiding).
 26319 | Snake:2  | 26319 ||| Stepping ~*~*~tactically~*~*~ (hiding).
 26624 | Snake:3  | 26624 ||| PLANNING BAZAAR
 26628 | Snake:3  | 26628 ||| INVOKING Heroism.
 26638 | Snake:3  | Received a gift from Okawaru
 26640 | Snake:3  | Reached XP level 17. HP: 110/110 MP: 22/24
 26644 | Snake:3  | Reached skill level 11 in Shields
 26663 | Snake:3  | HP: 25/110 [salamander/+0 halberd (11)]
 26664 | Snake:3  | 26664 ||| READING 8 scrolls of teleportation.
 26665 | Snake:3  | 26665 ||| DRINKING 4 potions of heal wounds.
 26668 | Snake:3  | Found a flickering gateway to a bazaar.
 26676 | Snake:3  | Received a gift from Okawaru
 26680 | Snake:3  | 26680 ||| INVOKING Heroism.
 26811 | Snake:3  | 26811 ||| Stepping ~*~*~tactically~*~*~ (stealth).
 26828 | Bazaar   | Entered a bazaar
 26835 | Bazaar   | Found Isauju Xota's Book Shop.
 26861 | Bazaar   | Found Peemer's Book Shop.
 26884 | Snake:3  | 26884 ||| PLANNING SNAKE:1-3
 27087 | Snake:3  | 27087 ||| Stepping ~*~*~tactically~*~*~ (hiding).
 27098 | Snake:3  | Received a gift from Okawaru
 27099 | Snake:3  | Reached skill level 12 in Shields
 27141 | Snake:3  | 27141 ||| Stepping ~*~*~tactically~*~*~ (hiding).
 27200 | Snake:3  | Found a runed translucent gate.
 27200 | Snake:3  | Found a runed translucent gate.
 27202 | Snake:3  | Found a runed translucent gate.
 27203 | Snake:3  | Noticed TuffENuff's ghost (adept FoFi)
 27220 | Snake:3  | Noticed Agnes
 27221 | Snake:3  | 27221 ||| INVOKING Heroism.
 27222 | Snake:3  | 27222 ||| INVOKING Finesse.
 27227 | Snake:3  | Killed Agnes
 27228 | Snake:3  | 27228 ||| Stepping ~*~*~tactically~*~*~ (hiding).
 27359 | Snake:3  | 27359 ||| READING 2 scrolls of enchant weapon.
 27359 | Snake:3  | 27359 ||| ENCHANTING +3 broad axe of protection.
 27360 | Snake:3  | 27360 ||| READING scroll of enchant weapon.
 27360 | Snake:3  | 27360 ||| ENCHANTING +4 broad axe of protection.
 27361 | Snake:3  | 27361 ||| Stepping ~*~*~tactically~*~*~ (stealth).
 27367 | Snake:3  | 27367 ||| Stepping ~*~*~tactically~*~*~ (stealth).
 27368 | Snake:3  | 27368 ||| Stepping ~*~*~tactically~*~*~ (hiding).
 27383 | Snake:3  | 27383 ||| INVOKING Heroism.
 27401 | Snake:3  | 27401 ||| Stepping ~*~*~tactically~*~*~ (hiding).
 27409 | Snake:3  | 27409 ||| INVOKING Heroism.
 27417 | Snake:3  | Noticed Vashnia
 27418 | Snake:3  | 27418 ||| Stepping ~*~*~tactically~*~*~ (stealth).
 27422 | Snake:3  | 27422 ||| Stepping ~*~*~tactically~*~*~ (stealth).
 27423 | Snake:3  | 27423 ||| Stepping ~*~*~tactically~*~*~ (hiding).
 27430 | Snake:3  | 27430 ||| Stepping ~*~*~tactically~*~*~ (hiding).
 27431 | Snake:3  | 27431 ||| Stepping ~*~*~tactically~*~*~ (hiding).
 27433 | Snake:3  | 27433 ||| Stepping ~*~*~tactically~*~*~ (hiding).
 27439 | Snake:3  | 27439 ||| INVOKING Heroism.
 27446 | Snake:3  | Reached skill level 13 in Shields
 27451 | Snake:3  | Killed Vashnia
 27482 | Snake:3  | 27482 ||| FLEEEEING.
 27483 | Snake:3  | 27483 ||| FLEEEEING.
 27484 | Snake:3  | 27484 ||| FLEEEEING.
 27485 | Snake:3  | 27485 ||| Stepping ~*~*~tactically~*~*~ (hiding).
 27486 | Snake:3  | 27486 ||| INVOKING Heroism.
 27653 | Snake:3  | 27653 ||| Stepping ~*~*~tactically~*~*~ (hiding).
 27654 | Snake:3  | 27654 ||| Stepping ~*~*~tactically~*~*~ (hiding).
 27655 | Snake:3  | 27655 ||| Stepping ~*~*~tactically~*~*~ (hiding).
 27675 | Snake:3  | Received a gift from Okawaru
 27730 | Snake:3  | 27730 ||| INVOKING Heroism.
 28057 | Snake:3  | 28057 ||| PLANNING SWAMP:1-3
 28155 | Swamp:1  | Entered Level 1 of the Swamp
 28175 | Swamp:1  | 28175 ||| Stepping ~*~*~tactically~*~*~ (hiding).
 28317 | Swamp:1  | 28317 ||| INVOKING Heroism.
 28460 | Swamp:1  | 28460 ||| Stepping ~*~*~tactically~*~*~ (hiding).
 28463 | Swamp:1  | 28463 ||| INVOKING Heroism.
 28488 | Swamp:1  | Reached skill level 14 in Shields
 28501 | Swamp:1  | 28501 ||| Stepping ~*~*~tactically~*~*~ (hiding).
 28506 | Swamp:1  | Noticed Jorgrun
 28514 | Swamp:1  | Received a gift from Okawaru
 28516 | Swamp:1  | 28516 ||| INVOKING Heroism.
 28525 | Swamp:1  | Killed Jorgrun
 28671 | Swamp:1  | 28671 ||| INVOKING Heroism.
 28692 | Swamp:1  | 28692 ||| Stepping ~*~*~tactically~*~*~ (hiding).
 28695 | Swamp:1  | 28695 ||| Stepping ~*~*~tactically~*~*~ (hiding).
 28807 | Swamp:1  | 28807 ||| INVOKING Heroism.
 29131 | Swamp:2  | 29131 ||| INVOKING Heroism.
 29167 | Swamp:2  | Reached skill level 15 in Shields
 29230 | Swamp:2  | 29230 ||| INVOKING Heroism.
 29235 | Swamp:2  | 29235 ||| SWAPPING to +6 eveningstar.
 29238 | Swamp:2  | 29238 ||| SWAPPING to +5 broad axe of protection.
 29278 | Swamp:2  | 29278 ||| INVOKING Heroism.
 29370 | Swamp:2  | 29370 ||| INVOKING Heroism.
 29422 | Swamp:2  | Found a runed translucent door.
 29446 | Swamp:2  | 29446 ||| INVOKING Heroism.
 29597 | Swamp:2  | 29597 ||| INVOKING Heroism.
 29602 | Swamp:2  | 29602 ||| SWAPPING to +6 eveningstar.
 29607 | Swamp:2  | 29607 ||| SWAPPING to +5 broad axe of protection.
 29637 | Swamp:2  | 29637 ||| SWAPPING to +6 eveningstar.
 29639 | Swamp:2  | 29639 ||| SWAPPING to +5 broad axe of protection.
 29772 | Swamp:2  | 29772 ||| INVOKING Heroism.
 29808 | Swamp:2  | 29808 ||| Stepping ~*~*~tactically~*~*~ (hiding).
 29938 | Swamp:2  | 29938 ||| INVOKING Heroism.
 29947 | Swamp:2  | Reached skill level 16 in Shields
 29990 | Swamp:2  | 29990 ||| Stepping ~*~*~tactically~*~*~ (hiding).
 29992 | Swamp:2  | 29992 ||| Stepping ~*~*~tactically~*~*~ (hiding).
 30029 | Swamp:2  | 30029 ||| Stepping ~*~*~tactically~*~*~ (hiding).
 30033 | Swamp:2  | 30033 ||| INVOKING Heroism.
 30047 | Swamp:2  | Received a gift from Okawaru
 30079 | Swamp:2  | Reached XP level 18. HP: 116/116 MP: 25/25
 30079 | Swamp:2  | 30079 ||| DROPPING +6 eveningstar.
 30371 | Swamp:3  | 30371 ||| INVOKING Heroism.
 30391 | Swamp:3  | 30391 ||| Stepping ~*~*~tactically~*~*~ (stealth).
 30392 | Swamp:3  | 30392 ||| Stepping ~*~*~tactically~*~*~ (stealth).
 30421 | Swamp:3  | 30421 ||| Stepping ~*~*~tactically~*~*~ (cloud).
 30524 | Swamp:3  | Noticed qw's ghost (adept GrFi)
 30563 | Swamp:3  | Found a transporter.
 30599 | Swamp:3  | Found a transporter.
 30603 | Swamp:3  | 30603 ||| Stepping ~*~*~tactically~*~*~ (hiding).
 30610 | Swamp:3  | 30610 ||| INVOKING Heroism.
 30648 | Swamp:3  | HP: 26/116 [goliath frog[a spriggan druid] (14)]
 30649 | Swamp:3  | 30649 ||| READING 7 scrolls of teleportation.
 30650 | Swamp:3  | 30650 ||| DRINKING 3 potions of heal wounds.
 30652 | Swamp:3  | Reached skill level 17 in Shields
 30865 | Swamp:3  | 30865 ||| Stepping ~*~*~tactically~*~*~ (hiding).
 31013 | Swamp:3  | 31013 ||| INVOKING Heroism.
 31014 | Swamp:3  | 31014 ||| Stepping ~*~*~tactically~*~*~ (hiding).
 31080 | Swamp:3  | Found a bloodstained altar of Trog.
 31178 | Swamp:3  | 31178 ||| PLANNING SNAKE:4
 31317 | Snake:4  | Entered Level 4 of the Snake Pit
 31321 | Snake:4  | 31321 ||| INVOKING Heroism.
 31372 | Snake:4  | 31372 ||| Stepping ~*~*~tactically~*~*~ (hiding).
 31373 | Snake:4  | 31373 ||| Stepping ~*~*~tactically~*~*~ (hiding).
 31374 | Snake:4  | 31374 ||| Stepping ~*~*~tactically~*~*~ (hiding).
 31377 | Snake:4  | 31377 ||| INVOKING Heroism.
 31441 | Snake:4  | 31441 ||| Stepping ~*~*~tactically~*~*~ (hiding).
 31474 | Snake:4  | 31474 ||| Stepping ~*~*~tactically~*~*~ (hiding).
 31476 | Snake:4  | 31476 ||| Stepping ~*~*~tactically~*~*~ (hiding).
 31606 | Snake:4  | 31606 ||| Stepping ~*~*~tactically~*~*~ (hiding).
 31644 | Snake:4  | 31644 ||| Stepping ~*~*~tactically~*~*~ (hiding).
 31683 | Snake:4  | 31683 ||| FLEEEEING.
 31750 | Snake:4  | 31750 ||| INVOKING Heroism.
 31751 | Snake:4  | Found a frozen archway.
 31779 | Snake:4  | 31779 ||| Stepping ~*~*~tactically~*~*~ (cloud).
 31891 | Snake:4  | Found Nynut's Distillery.
 31895 | Snake:4  | Found Genic's Jewellery Boutique.
 31899 | Snake:4  | 31899 ||| BUYING 2 potions of lignification (90 gold).
 31899 | Snake:4  | Bought 2 potions of lignification for 90 gold pieces
 31899 | Snake:4  | 31899 ||| BUYING potion of lignification (45 gold).
 31899 | Snake:4  | Bought a potion of lignification for 45 gold pieces
 31899 | Snake:4  | 31899 ||| BUYING potion of might (60 gold).
 31899 | Snake:4  | Bought a potion of might for 60 gold pieces
 31899 | Snake:4  | 31899 ||| BUYING potion of mutation (120 gold).
 31899 | Snake:4  | Bought a potion of mutation for 120 gold pieces
 31899 | Snake:4  | 31899 ||| BUYING potion of resistance (150 gold).
 31899 | Snake:4  | Bought a potion of resistance for 150 gold pieces
 31903 | Snake:4  | 31903 ||| SHOPLISTING ring of ice (475 gold, have 293).
 31903 | Snake:4  | 31903 ||| SHOPLISTING ring of protection from fire (475
                  | gold, have 293).
 31922 | Snake:4  | 31922 ||| Stepping ~*~*~tactically~*~*~ (hiding).
 31956 | Snake:4  | 31956 ||| Stepping ~*~*~tactically~*~*~ (stealth).
 31975 | Snake:4  | 31975 ||| Stepping ~*~*~tactically~*~*~ (stealth).
 32034 | Snake:4  | 32034 ||| Stepping ~*~*~tactically~*~*~ (hiding).
 32036 | Snake:4  | 32036 ||| Stepping ~*~*~tactically~*~*~ (stealth).
 32051 | Snake:4  | Received a gift from Okawaru
 32052 | Snake:4  | Reached skill level 18 in Shields
 32225 | Snake:4  | Noticed Aizul
 32226 | Snake:4  | 32226 ||| INVOKING Heroism.
 32254 | Snake:4  | Killed Aizul
 32260 | Snake:4  | 32260 ||| Stepping ~*~*~tactically~*~*~ (stealth).
 32380 | Snake:4  | 32380 ||| Stepping ~*~*~tactically~*~*~ (hiding).
 32385 | Snake:4  | 32385 ||| INVOKING Heroism.
 32506 | Snake:4  | 32506 ||| READING scroll of enchant weapon.
 32506 | Snake:4  | 32506 ||| ENCHANTING +5 broad axe of protection.
 32537 | Snake:4  | 32537 ||| Stepping ~*~*~tactically~*~*~ (hiding).
 32689 | Snake:4  | 32689 ||| INVOKING Heroism.
 32713 | Snake:4  | 32713 ||| Stepping ~*~*~tactically~*~*~ (hiding).
 32714 | Snake:4  | 32714 ||| Stepping ~*~*~tactically~*~*~ (hiding).
 32716 | Snake:4  | 32716 ||| Stepping ~*~*~tactically~*~*~ (hiding).
 32717 | Snake:4  | 32717 ||| Stepping ~*~*~tactically~*~*~ (stealth).
 32749 | Snake:4  | 32749 ||| INVOKING Heroism.
 32751 | Snake:4  | Received a gift from Okawaru
 32765 | Snake:4  | HP: 23/117 [naga warrior/+1 mace of protection (8)]
 32766 | Snake:4  | 32766 ||| READING 6 scrolls of teleportation.
 32767 | Snake:4  | 32767 ||| DRINKING 2 potions of heal wounds.
 32768 | Snake:4  | 32768 ||| DRINKING potion of heal wounds.
 32978 | Snake:4  | 32978 ||| Stepping ~*~*~tactically~*~*~ (hiding).
 32996 | Snake:4  | 32996 ||| INVOKING Heroism.
 33027 | Snake:4  | 33027 ||| Stepping ~*~*~tactically~*~*~ (hiding).
 33048 | Snake:4  | 33048 ||| INVOKING Heroism.
 33296 | Snake:4  | 33296 ||| INVOKING Heroism.
 33310 | Snake:4  | Reached skill level 15 in Fighting
 33419 | Snake:4  | Got a serpentine rune of Zot
 33428 | Snake:4  | 33428 ||| PLANNING VAULTS:1-4
 33469 | Snake:4  | 33469 ||| Stepping ~*~*~tactically~*~*~ (hiding).
 33477 | Snake:4  | 33477 ||| INVOKING Heroism.
 33678 | Vaults:1 | Entered Level 1 of the Vaults
 33767 | Vaults:1 | 33767 ||| INVOKING Heroism.
 33792 | Vaults:1 | Reached XP level 19. HP: 113/124 MP: 26/26
 33803 | Vaults:1 | Received a gift from Okawaru
 33882 | Vaults:1 | Reached skill level 15 in Armour
 33928 | Vaults:1 | 33928 ||| FLEEEEING.
 33929 | Vaults:1 | 33929 ||| FLEEEEING.
 33930 | Vaults:1 | 33930 ||| FLEEEEING.
 33931 | Vaults:1 | 33931 ||| FLEEEEING.
 33932 | Vaults:1 | 33932 ||| FLEEEEING.
 33933 | Vaults:1 | 33933 ||| FLEEEEING.
 33934 | Vaults:1 | 33934 ||| FLEEEEING.
 33935 | Vaults:1 | 33935 ||| FLEEEEING.
 33936 | Vaults:1 | 33936 ||| FLEEEEING.
 33937 | Vaults:1 | 33937 ||| FLEEEEING.
 34196 | Vaults:1 | 34196 ||| Stepping ~*~*~tactically~*~*~ (stealth).
 34197 | Vaults:1 | 34197 ||| Stepping ~*~*~tactically~*~*~ (stealth).
 34209 | Vaults:1 | 34209 ||| INVOKING Heroism.
 34252 | Vaults:1 | You are sucked into a shaft and drop 1 floor!
 34253 | Vaults:2 | 34253 ||| INVOKING Finesse.
 34257 | Vaults:2 | 34257 ||| INVOKING Heroism.
 34316 | Vaults:2 | 34316 ||| Stepping ~*~*~tactically~*~*~ (hiding).
 34318 | Vaults:2 | 34318 ||| INVOKING Heroism.
 34351 | Vaults:2 | 34351 ||| Stepping ~*~*~tactically~*~*~ (hiding).
 34507 | Vaults:2 | Reached skill level 9 in Throwing
 34612 | Vaults:2 | Found Fuifium's Weapon Shop.
 34761 | Vaults:2 | 34761 ||| Stepping ~*~*~tactically~*~*~ (hiding).
 34821 | Vaults:2 | Received a gift from Okawaru
 35004 | Vaults:2 | 35004 ||| DROPPING +2 helmet.
 35047 | Vaults:1 | 35047 ||| INVOKING Finesse.
 35048 | Abyss:2  | Cast into level 2 of the Abyss (a wizard)
 35132 | Abyss:2  | 35132 ||| Stepping ~*~*~tactically~*~*~ (stealth).
 35134 | Abyss:2  | 35134 ||| Stepping ~*~*~tactically~*~*~ (hiding).
 35135 | Abyss:2  | 35135 ||| Stepping ~*~*~tactically~*~*~ (hiding).
 35136 | Abyss:2  | 35136 ||| Stepping ~*~*~tactically~*~*~ (hiding).
 35137 | Abyss:2  | 35137 ||| Stepping ~*~*~tactically~*~*~ (hiding).
 35204 | Abyss:2  | 35204 ||| Stepping ~*~*~tactically~*~*~ (stealth).
 35206 | Abyss:2  | 35206 ||| Stepping ~*~*~tactically~*~*~ (stealth).
 35222 | Abyss:2  | 35222 ||| Stepping ~*~*~tactically~*~*~ (stealth).
 35235 | Abyss:2  | 35235 ||| Stepping ~*~*~tactically~*~*~ (stealth).
 35239 | Abyss:2  | Gained mutation: You are clumsy. (Dex -2) [a neqoxec]
 35243 | Abyss:2  | Gained mutation: You sometimes lose your temper in combat.
                  | [a neqoxec]
 35256 | Abyss:2  | 35256 ||| DRINKING 5 potions of mutation.
 35256 | Abyss:2  | Lost mutation: You are clumsy. (Dex -2) [potion of
                  | mutation]
 35256 | Abyss:2  | Lost mutation: You sometimes lose your temper in combat.
                  | [potion of mutation]
 35256 | Abyss:2  | Gained mutation: Your spells are a little easier to cast,
                  | but a little less powerful. [potion of mutation]
 35256 | Abyss:2  | Gained mutation: You have sharp toenails. [potion of
                  | mutation]
 35256 | Abyss:2  | Gained mutation: You are dopey. (Int -2) [potion of
                  | mutation]
 35292 | Abyss:2  | 35292 ||| Stepping ~*~*~tactically~*~*~ (hiding).
 35293 | Abyss:2  | 35293 ||| Stepping ~*~*~tactically~*~*~ (hiding).
 35294 | Abyss:2  | 35294 ||| Stepping ~*~*~tactically~*~*~ (hiding).
 35297 | Abyss:2  | Gained mutation: Your body sometimes deteriorates upon
                  | taking damage. [a neqoxec]
 35350 | Abyss:2  | 35350 ||| Stepping ~*~*~tactically~*~*~ (stealth).
 35352 | Abyss:2  | 35352 ||| Stepping ~*~*~tactically~*~*~ (hiding).
 35406 | Abyss:2  | 35406 ||| Stepping ~*~*~tactically~*~*~ (stealth).
 35416 | Abyss:2  | 35416 ||| Stepping ~*~*~tactically~*~*~ (stealth).
 35417 | Abyss:2  | 35417 ||| Stepping ~*~*~tactically~*~*~ (stealth).
 35419 | Abyss:2  | 35419 ||| Stepping ~*~*~tactically~*~*~ (hiding).
 35446 | Abyss:2  | 35446 ||| Stepping ~*~*~tactically~*~*~ (stealth).
 35447 | Abyss:2  | 35447 ||| Stepping ~*~*~tactically~*~*~ (stealth).
 35449 | Abyss:2  | 35449 ||| Stepping ~*~*~tactically~*~*~ (stealth).
 35450 | Abyss:2  | 35450 ||| Stepping ~*~*~tactically~*~*~ (stealth).
 35490 | Abyss:2  | Received a gift from Okawaru
 35491 | Abyss:2  | Noticed a bone dragon
 35515 | Abyss:2  | Killed a bone dragon
 35557 | Abyss:2  | 35557 ||| Stepping ~*~*~tactically~*~*~ (stealth).
 35625 | Abyss:2  | Found a corrupted altar of Lugonu.
 35780 | Abyss:2  | 35780 ||| Stepping ~*~*~tactically~*~*~ (hiding).
 35781 | Abyss:2  | 35781 ||| Stepping ~*~*~tactically~*~*~ (hiding).
 35782 | Abyss:2  | 35782 ||| Stepping ~*~*~tactically~*~*~ (hiding).
 35801 | Vaults:1 | Escaped the Abyss
 35802 | Vaults:1 | 35802 ||| INVOKING Finesse.
 35803 | Vaults:1 | 35803 ||| INVOKING Heroism.
 35816 | Vaults:1 | Received a gift from Okawaru
 36045 | Vaults:1 | 36045 ||| Stepping ~*~*~tactically~*~*~ (hiding).
 36052 | Vaults:1 | Reached skill level 19 in Shields
 36124 | Vaults:1 | Received a gift from Okawaru
 36264 | Vaults:1 | Found a runed translucent gate.
 36264 | Vaults:1 | Found a runed translucent gate.
 36264 | Vaults:1 | Noticed TuffENuff's ghost (veteran FoFi)
 36265 | Vaults:1 | Found a runed translucent gate.
 36491 | Vaults:1 | Found the +8 Wrath of Trog {antimagic, *Rage Rampage}
 36493 | Vaults:1 | 36493 ||| Stepping ~*~*~tactically~*~*~ (stealth).
 36503 | Vaults:1 | Received a gift from Okawaru
 36549 | Vaults:1 | 36549 ||| FLEEEEING.
 36550 | Vaults:1 | 36550 ||| FLEEEEING.
 36551 | Vaults:1 | 36551 ||| FLEEEEING.
 36552 | Vaults:1 | 36552 ||| FLEEEEING.
 36553 | Vaults:1 | 36553 ||| FLEEEEING.
 36554 | Vaults:1 | 36554 ||| FLEEEEING.
 36555 | Vaults:1 | 36555 ||| FLEEEEING.
 36556 | Vaults:1 | 36556 ||| FLEEEEING.
 36557 | Vaults:1 | 36557 ||| FLEEEEING.
 36558 | Vaults:1 | 36558 ||| FLEEEEING.
 36559 | Vaults:1 | 36559 ||| FLEEEEING.
 36560 | Vaults:1 | 36560 ||| FLEEEEING.
 36561 | Vaults:1 | 36561 ||| FLEEEEING.
 36562 | Vaults:1 | 36562 ||| FLEEEEING.
 36563 | Vaults:1 | 36563 ||| FLEEEEING.
 36564 | Vaults:1 | 36564 ||| FLEEEEING.
 36565 | Vaults:1 | 36565 ||| FLEEEEING.
 36566 | Vaults:1 | 36566 ||| FLEEEEING.
 36567 | Vaults:1 | 36567 ||| FLEEEEING.
 36568 | Vaults:1 | 36568 ||| FLEEEEING.
 36569 | Vaults:1 | 36569 ||| FLEEEEING.
 36570 | Vaults:1 | 36570 ||| FLEEEEING.
 36571 | Vaults:1 | 36571 ||| FLEEEEING.
 36572 | Vaults:1 | 36572 ||| FLEEEEING.
 36573 | Vaults:1 | 36573 ||| FLEEEEING.
 36574 | Vaults:1 | 36574 ||| FLEEEEING.
 36575 | Vaults:1 | 36575 ||| FLEEEEING.
 36576 | Vaults:1 | 36576 ||| FLEEEEING.
 36577 | Vaults:1 | 36577 ||| FLEEEEING.
 36578 | Vaults:1 | 36578 ||| FLEEEEING.
 36579 | Vaults:1 | 36579 ||| FLEEEEING.
 36580 | Vaults:1 | 36580 ||| FLEEEEING.
 36590 | Vaults:1 | 36590 ||| FLEEEEING.
 36591 | Vaults:1 | 36591 ||| FLEEEEING.
 36592 | Vaults:1 | 36592 ||| FLEEEEING.
 36593 | Vaults:1 | 36593 ||| FLEEEEING.
 36594 | Vaults:1 | 36594 ||| FLEEEEING.
 36595 | Vaults:1 | 36595 ||| FLEEEEING.
 36596 | Vaults:1 | 36596 ||| FLEEEEING.
 36597 | Vaults:1 | 36597 ||| FLEEEEING.
 36598 | Vaults:1 | 36598 ||| FLEEEEING.
 36599 | Vaults:1 | 36599 ||| FLEEEEING.
 36600 | Vaults:1 | 36600 ||| FLEEEEING.
 36601 | Vaults:1 | 36601 ||| FLEEEEING.
 36602 | Vaults:1 | 36602 ||| FLEEEEING.
 36603 | Vaults:1 | 36603 ||| FLEEEEING.
 36604 | Vaults:1 | 36604 ||| FLEEEEING.
 36605 | Vaults:1 | 36605 ||| FLEEEEING.
 36606 | Vaults:1 | 36606 ||| FLEEEEING.
 36609 | Vaults:1 | 36609 ||| FLEEEEING.
 36610 | Vaults:1 | 36610 ||| FLEEEEING.
 36611 | Vaults:1 | 36611 ||| FLEEEEING.
 36612 | Vaults:1 | 36612 ||| FLEEEEING.
 36613 | Vaults:1 | 36613 ||| FLEEEEING.
 36614 | Vaults:1 | 36614 ||| FLEEEEING.
 36615 | Vaults:1 | 36615 ||| FLEEEEING.
 36616 | Vaults:1 | 36616 ||| FLEEEEING.
 36617 | Vaults:1 | 36617 ||| FLEEEEING.
 36618 | Vaults:1 | 36618 ||| FLEEEEING.
 36619 | Vaults:1 | 36619 ||| FLEEEEING.
 36620 | Vaults:1 | 36620 ||| FLEEEEING.
 36621 | Vaults:1 | 36621 ||| FLEEEEING.
 36622 | Vaults:1 | 36622 ||| FLEEEEING.
 36623 | Vaults:1 | 36623 ||| FLEEEEING.
 36624 | Vaults:1 | 36624 ||| FLEEEEING.
 36625 | Vaults:1 | 36625 ||| FLEEEEING.
 36626 | Vaults:1 | 36626 ||| FLEEEEING.
 36627 | Vaults:1 | 36627 ||| FLEEEEING.
 36628 | Vaults:1 | 36628 ||| FLEEEEING.
 36629 | Vaults:1 | 36629 ||| FLEEEEING.
 36630 | Vaults:1 | 36630 ||| FLEEEEING.
 36631 | Vaults:1 | 36631 ||| FLEEEEING.
 36632 | Vaults:1 | 36632 ||| FLEEEEING.
 36633 | Vaults:1 | 36633 ||| FLEEEEING.
 36634 | Vaults:1 | 36634 ||| FLEEEEING.
 36635 | Vaults:1 | 36635 ||| FLEEEEING.
 36642 | Vaults:1 | 36642 ||| FLEEEEING.
 36643 | Vaults:1 | 36643 ||| FLEEEEING.
 36645 | Vaults:1 | 36645 ||| STAIRDANCE
 36707 | Vaults:1 | 36707 ||| STAIRDANCE
 36761 | Vaults:1 | 36761 ||| Stepping ~*~*~tactically~*~*~ (stealth).
 36898 | Vaults:1 | 36898 ||| Stepping ~*~*~tactically~*~*~ (stealth).
 36900 | Vaults:1 | 36900 ||| Stepping ~*~*~tactically~*~*~ (hiding).
 36904 | Vaults:1 | 36904 ||| Stepping ~*~*~tactically~*~*~ (hiding).
 37015 | Vaults:1 | 37015 ||| Stepping ~*~*~tactically~*~*~ (hiding).
 37022 | Vaults:1 | Received a gift from Okawaru
 37023 | Vaults:1 | Reached skill level 6 in Dodging
 37023 | Vaults:1 | 37023 ||| Stepping ~*~*~tactically~*~*~ (hiding).
 37047 | Vaults:1 | 37047 ||| INVOKING Heroism.
 37056 | Vaults:1 | Reached XP level 20. HP: 84/131 MP: 27/27
 37056 | Vaults:1 | Received a gift from Okawaru
 37112 | Vaults:1 | Noticed an ancient lich
 37118 | Vaults:1 | 37118 ||| INVOKING Heroism.
 37119 | Vaults:1 | 37119 ||| INVOKING Finesse.
 37124 | Vaults:1 | HP: 13/132 [ancient lich/crystal spear (98)]
 37125 | Vaults:1 | 37125 ||| READING 5 scrolls of teleportation.
 37137 | Vaults:1 | 37137 ||| PLANNING VAULTS:1-4
 37138 | Vaults:1 | 37138 ||| READING 4 scrolls of teleportation.
 37140 | Vaults:1 | HP: 11/132 [dire elephant (5)]
 37143 | Vaults:1 | Slain by a dire elephant

Levels and vault maps discovered:
D:1:      dpeg_arrival_round_a, layout_basic
D:2:      layout_basic, uniq_jessica, uniq_crazy_yiuf_cottage, uniq_robin
D:3:      layout_loops_ring, kennysheep_generic_room_4
D:4:      layout_loops_ring, old_standard_altar, minmay_temple_entry_trees,
          minmay_ogre_servants
D:5:      layout_loops_corners, mainiacjoe_overflow_catwalk_spiral,
          nicolae_uskayaw_dance_hall, mainiacjoe_overflow_boulevard,
          gammafunk_ghost_gnarly_gnolls, uniq_eustachio
D:6:      layout_cave_pods, sigmund_edmund_badplayer
D:7:      layout_gridville, serial_shops, nicolae_shop_behind_doors,
          minmay_misc_feat_square
D:8:      layout_rooms, nicolae_ru_great_annihilating_truth,
          mainiacjoe_overflow_alcove_2, bloody_makhleb, lemuel_tele_altar,
          nicolae_overflow_crystal_walls, worldfamousw_hep_ancestral_shrine,
          nicolae_sif_muna_condensation, serial_shops,
          nicolae_shop_behind_doors, st_stairs_9, uniq_erica
D:9:      layout_stronghold, mainiacjoe_overflow_tiny_flanked, orc_0_dummy,
          kennysheep_island_fort
D:10:     layout_roguey, lemuel_doored_altar, mainiacjoe_overflow_chevrons,
          minmay_radiant, uniq_lodul, uniq_psyche
D:11:     layout_basic, hellmonk_lair_entry_icy
D:12:     layout_loops_ring, ebering_ghost_reflecting_pool, serial_shops, shop
D:13:     hangedman_cross_stitches, layout_cross, uniq_frances
D:14:     layout_small_grid, serial_shops, shop, patterned_corridor,
          roderic_roman_lattice, hangedman_decor_push
D:15:     grunt_enter_depths_magical_seal, layout_cave_pools,
          chequers_serial_rivers_micro_e, eino_tiny_chamber,
          nicolae_vehumet_altar_sigil
Temple:   corrupted_temple
Lair:1:   layout_misc_corridors, nicolae_lair_lindhole, uniq_gastronok,
          uniq_urug
Lair:2:   lemuel_slime, layout_regular_city, minmay_swamp_entry_eels,
          chequers_serial_rivers_small_b, infiniplex_staircase_pool_2,
          uniq_maggie
Lair:3:   layout_layer_cave, dummy_snake_entry, fungi_pond_lemuel,
          lemuel_fruit_tree
Lair:4:   layout_loops_ring, ebering_ghost_inner_flame, pf_torpor_hydra,
          serial_bayou_shore_a, grunt_megastairs_4
Lair:5:   gammafunk_lair_ancient_temple, layout_loops_ring,
          nicolae_slime_entry_field_trip, minmay_lindwurm_lava
Swamp:1:  layout_basic_swamp, hangedman_swamp_ruin_wall, swamp_pool1,
          uniq_jorgrun
Swamp:2:  layout_basic_swamp, evilmike_swamp_ruin_rubble_2, swamp_pool2,
          nzn_swamp_weyward_sisters
Swamp:3:  layout_basic_swamp, gammafunk_ghost_wrathful_warriors,
          evilmike_swamp_ruin_house_2
Snake:1:  nicolae_snake_crotalidae_crossing, layout_cave_shapes,
          hellmonk_ghost_happy_afterlife, nicolae_snake_single_loop
Snake:2:  layout_rooms, basic_altar, nicolae_snake_round_shape_thing,
          st_stairs_9, lemuel_oklob_altar
Snake:3:  layout_onion_interference, ebering_ghost_rock_garden, serial_shops,
          bzr_entry_customers, uniq_agnes, uniq_vashnia
Snake:4:  grunt_snake_rune_serpentine_throne, layout_cave_town,
          portal_ice_cave_entry_ice_statue_two, minmay_shop_star, uniq_aizul
Orc:1:    layout_caves
Orc:2:    kennysheep_orc_mage_school, layout_caves, nicolae_orc_lava_tube
Vaults:1: gammafunk_ghost_split, nicolae_vaults_you_can_take_it_with_you,
          dpeg_vaults_monster_row, nicolae_vaults_tetromino_Z_1,
          hangedman_vaults_slice, ontoclasm_vaults_decontamination,
          nicolae_vaults_weapon_check, nicolae_vaults_heart-shaped_vault,
          ontoclasm_vaults_ring_small, v_misc_28, nicolae_vaults_six-pack,
          layout_vaults_omnigrid
Vaults:2: nicolae_vaults_turnstiles, v_rooms_2, minmay_crypt_entry_simple_walls,
          vaults_room_pools, nicolae_vaults_big_angled_halls,
          hangedman_vaults_trim, vaults_mumra_hexcomb,
          nicolae_vaults_trapezoid_lopsided_4, vaults_room_pools, v_misc_5,
          hangedman_vaults_snaps, ontoclasm_vaults_gateway, layout_vaults_ring,
          serial_shops, nicolae_shop_crystal, shop, shop,
          nicolae_shop_bloodbath_and_beyond, nicolae_shop_behind_doors,
          uniq_margery

Skill      XL: |  1  2  3  4  5  6  7  8  9 10 11 12 13 14 15 16 17 18 19 |
---------------+----------------------------------------------------------+-----
Axes           | 2 3 4 5 7 8 10 11 12 13 14 16 17 18 | 18.0
Fighting       | 4 5 6 7 8 9 10 11 12 13 15 16 | 16.4
Dodging        | 1 3 5 6 |  6.0
Throwing       | 1 3 5 6 7 8 9 |  9.0
Armour         | 4 5 6 7 9 10 12 13 14 16 | 16.0
Invocations    | 4 7 10 | 10.0
Shields        | 4 5 6 7 8 10 16 18 19 | 19.0

Action                     |  1- 3 |  4- 6 |  7- 9 | 10-12 | 13-15 | 16-18 | 19-21 || total
---------------------------+-------+-------+-------+-------+-------+-------+-------++-------
  Melee: War axe           |    70 |   142 |   250 |   327 |       |       |       ||   789
         Broad axe         |       |       |       |    91 |  1000 |  1539 |   610 ||  3240
         Eveningstar       |       |       |       |       |     6 |     7 |       ||    13
  Throw: Boomerang         |    22 |    47 |    39 |    61 |    18 |     4 |     4 ||   195
         Javelin           |       |       |       |       |   154 |    75 |    73 ||   302
 Invoke: Heroism           |       |       |     5 |    16 |    31 |    47 |     6 ||   105
         Finesse           |       |       |       |     2 |     3 |     4 |     4 ||    13
    Use: Scroll            |     5 |    11 |     5 |     7 |     5 |     8 |     2 ||    43
         Potion            |       |     2 |     1 |     4 |       |     5 |     1 ||    13
   Stab: Distracted        |       |       |       |       |       |     1 |     1 ||     2
 Armour: Scale mail        |    42 |    31 |       |       |       |       |       ||    73
         Chain mail        |       |    36 |   190 |   100 |    92 |       |       ||   418
         Plate armour      |       |       |       |    98 |   536 |   625 |   171 ||  1430
  Dodge: Dodged            |    41 |    44 |   115 |   158 |   327 |   550 |   126 ||  1361
         Repelled          |       |       |       |       |     2 |       |       ||     2
  Block: Buckler           |    20 |    52 |   153 |   201 |   478 |   198 |       ||  1102
         Reflection        |       |     5 |     2 |    14 |    13 |   142 |    17 ||   193
         Tower shield      |       |       |       |       |       |  1312 |   564 ||  1876

Table legend:
 A = Non-vault XP
 B = Vault XP
 C = Vault XP percentage of total XP
 D = Non-vault monster count
 E = Vault monster count
 F = Vault count percentage of total count
                 A         B        C        D         E       F
            +---------+---------+-------+---------+---------+-------
      Total |  278491 |  125996 |  31.1 |     861 |     273 |  24.1
            +---------+---------+-------+---------+---------+-------
        D:1 |      29 |       0 |   0.0 |      18 |       0 |   0.0
        D:2 |      77 |      77 |  50.0 |      17 |      14 |  45.2
        D:3 |      35 |       0 |   0.0 |      15 |       0 |   0.0
        D:4 |      85 |     135 |  61.4 |      17 |       9 |  34.6
        D:5 |     600 |     196 |  24.6 |      30 |       1 |   3.2
        D:6 |     682 |     407 |  37.4 |      21 |       2 |   8.7
        D:7 |    2469 |       0 |   0.0 |      34 |       0 |   0.0
        D:8 |    1768 |    1064 |  37.6 |      31 |       7 |  18.4
        D:9 |    3058 |    1332 |  30.3 |      18 |       3 |  14.3
       D:10 |    1470 |    2604 |  63.9 |      21 |      11 |  34.4
       D:11 |    8852 |    1299 |  12.8 |      32 |       7 |  17.9
       D:12 |    5833 |       0 |   0.0 |      22 |       0 |   0.0
       D:13 |    9156 |    8598 |  48.4 |      25 |      12 |  32.4
       D:14 |    7729 |       0 |   0.0 |      17 |       0 |   0.0
       D:15 |   12870 |    4301 |  25.0 |      28 |      10 |  26.3
     Lair:1 |    1135 |    2791 |  71.1 |       7 |       3 |  30.0
     Lair:2 |    3697 |    1038 |  21.9 |      13 |      22 |  62.9
     Lair:3 |    5192 |       0 |   0.0 |      19 |       0 |   0.0
     Lair:4 |    7748 |     419 |   5.1 |      29 |       2 |   6.5
     Lair:5 |   14481 |    9138 |  38.7 |      38 |      24 |  38.7
    Swamp:1 |   10401 |    1950 |  15.8 |      20 |       1 |   4.8
    Swamp:2 |   18383 |    3857 |  17.3 |      29 |       3 |   9.4
    Swamp:3 |   11294 |       0 |   0.0 |      20 |       0 |   0.0
    Snake:1 |   23164 |    5948 |  20.4 |      45 |      10 |  18.2
    Snake:2 |    8641 |    1739 |  16.8 |      19 |       3 |  13.6
    Snake:3 |   21408 |    8179 |  27.6 |      40 |       7 |  14.9
    Snake:4 |   23506 |   31576 |  57.3 |      48 |      43 |  47.3
      Orc:1 |    5279 |       0 |   0.0 |      35 |       0 |   0.0
      Orc:2 |    1689 |    6946 |  80.4 |      30 |      33 |  52.4
   Vaults:1 |   28484 |   19151 |  40.2 |      48 |      28 |  36.8
   Vaults:2 |   12058 |   13251 |  52.4 |      20 |      18 |  47.4
    Abyss:2 |   27218 |       0 |   0.0 |      55 |       0 |   0.0
            +---------+---------+-------+---------+---------+-------
